 Dungeon Crawl Stone Soup version 0.31.0-11-ge490571c62 (webtiles) character file.

Game seed: 13324363867156005998

104362971 Sapher the Archmage (level 27, 273/273 HPs)
             Began as a Barachi Summoner on Feb 1, 2024.
             Was the Champion of Jiyva.
             Escaped with the Orb
             ... and 15 runes
             ... and 8 gems on Feb 6, 2024!
             The game lasted 11:49:51 (13794 turns).

Sapher the Archmage (Barachi Summoner)             Turns: 13794, Time: 11:49:52

Health: 273/273    AC: 24    Str:  9    XL:     27
Magic:  42/54      EV: 29    Int: 37    God:    Jiyva [******]
Gold:   1375       SH: 25    Dex: 17    Spells: 5/80 levels left

rFire   + + +        L - staff of the Valley {rF+ rN++ Fire}
rCold   + + .        A - +9 kite shield "Byluc" {Will+ Regen+}
rNeg    + + .        B - +1 robe of Vines {NoPotionHeal Regen++++}
rPois   +            p - +2 helmet {Int+3}
rElec   .            i - +1 cloak of Starlight {*Dazzle EV+4 Stlth--}
rCorr   +            H - +1 pair of gloves of Compression {rPois rC+++ Str-3 SInv}
SInv    +            N - +2 pair of boots of Alu Tycwit {Rampage rF++}
Will    +++++        d - amulet of magic regeneration Stlth
                     w - ring of the Mage {Wiz Archmagi}
HPRegen 8.65/turn    F - ring of Symmetry {Fire Will+ Int+9}
MPRegen 1.54/turn

%: resist mutation, rampage, wizardry (x1), archmagi
@: studying Throwing, slow
A: amphibious, slowness 1, strong legs 2, +LOS, talons 1, iridescent scales 2,
agile 1, fire resistance 1, strong-willed 1, mutation resistance 3, regeneration
3, robust 1, shaggy fur 1, eyeballs 1, MP-powered wands
0: Orb of Zot
}: 15/15 runes: decaying, slimy, silver, golden, iron, obsidian, icy, bone,
abyssal, demonic, glowing, magical, fiery, dark, gossamer
a: Hop, Renounce Religion, Oozemancy, Slimify


You escaped.
You worshipped Jiyva.
Jiyva was exalted by your worship.
You visited 15 branches of the dungeon, and saw 82 of its levels.
You visited Pandemonium 1 time, and saw 20 of its levels.
You visited the Abyss 1 time.
You visited 1 bazaar.
You visited 2 ziggurats, and saw 38 of their levels (deepest: 23).
You also visited: Gauntlet and Wizlab.

You collected 3661 gold pieces.
You spent 2286 gold pieces at shops.

Inventory:

Hand Weapons
 a - a +2 morningstar of distortion
 g - the +11 rapier "Merood" {pain, *Rage rPois Int+9 Dex-5}
   (You found it on level 20 of a ziggurat)

   Int+9:     It affects your intelligence (+9).
   Dex-5:     It affects your dexterity (-5).
   rPois:     It protects you from poison *Rage: It berserks you when you make
   melee attacks (+20% chance).
 z - the +6 flail of the Foremost Knaves {flame, +Blink rCorr MP+9 SInv Stlth+}
   (You found it in Pandemonium)

   MP+9:      It affects your magic capacity (+9).
   SInv:      It lets you see invisible.
   +Blink:    It lets you blink.
   rCorr:     It protects you from acid and corrosion.
   Stlth+:    It makes you more stealthy.
Missiles
 o - 3 throwing nets
Armour
 i - the +1 cloak of Starlight (worn) {*Dazzle EV+4 Stlth--}
   (You found it on level 15 of the Dungeon)

   *Dazzle:   It may blind those who miss an attack against the wearer in melee
   combat.
   EV+4:      It affects your evasion (+4).
   Stlth--:   It makes you much less stealthy.
 p - a +2 helmet of intelligence (worn)
 s - the +0 pair of boots of the Ten Nightingales {rC+ rN+}
   (You found it on level 2 of the Lair of Beasts)

   rC+:       It protects you from cold.
   rN+:       It protects you from negative energy.
 A - the +9 kite shield "Byluc" (worn) {Will+ Regen+}
   (You found it in a Gauntlet)

   Will+:     It increases your willpower.
   Regen+:    It increases your rate of health regeneration.
 B - the +1 robe of Vines (worn) {NoPotionHeal Regen++++}
   (You found it on level 12 of a ziggurat)

   NoPotionHeal: Its wearer cannot be healed by potions.
   Regen++++: It increases your rate of health regeneration.
 G - the +0 pair of gloves "Wuineecoedui" {rF++ Str+3}
   (You found it in a wizard's laboratory)

   Str+3:     It affects your strength (+3).
   rF++:      It greatly protects you from fire.
 H - the +1 pair of gloves of Compression (worn) {rPois rC+++ Str-3 SInv}
   (You found it on level 3 of the Swamp)

   Str-3:     It affects your strength (-3).
   rC+++:     It renders you almost immune to cold.
   rPois:     It protects you from poison SInv: It lets you see invisible.
 N - the +2 pair of boots of Alu Tycwit (worn) {Rampage rF++}
   (You found it on level 10 of a ziggurat)

   rF++:      It greatly protects you from fire.
   Rampage:   It bestows one free step when moving towards enemies.
 V - the +0 pair of gloves of Words of Power {rElec rN++ Regen+ Int-2}
   (You bought it in a shop on level 5 of the Vaults)

   Int-2:     It affects your intelligence (-2).
   rElec:     It insulates you from electricity.
   rN++:      It greatly protects you from negative energy.
   Regen+:    It increases your rate of health regeneration.
Magical Staves
 n - the staff "Qyuzuf" {Fly rPois Hexes Summ Alchemy}
   (You found it on level 3 of a ziggurat)

   [staff of alchemy]

   Base accuracy: +5 Base damage: 5 Base attack delay: 1.2 This weapon's minimum
   attack delay (0.6) is reached at skill level 12.
   rPois:     It protects you from poison Fly: It grants you flight.
   Hexes:     It increases the power of your Hexes spells.
   Summ:      It increases the power of your Summonings spells.
   Alchemy:   It increases the power of your Alchemy spells.
   It falls into the 'Staves' category.
   It is a one-handed weapon.
 L - the staff of the Valley (weapon) {rF+ rN++ Fire}
   (You found it on level 3 of the Tomb of the Ancients)

   [staff of fire]

   Base accuracy: +5 Base damage: 5 Base attack delay: 1.2 This weapon's minimum
   attack delay (0.6) is reached at skill level 12.
   rF+:       It protects you from fire.
   rN++:      It greatly protects you from negative energy.
   Fire:      It increases the power of your Fire spells.
   It falls into the 'Staves' category.
   It is a one-handed weapon.
Jewellery
 d - an amulet of magic regeneration (around neck)
 t - the ring "Sipueb" {Wiz rC+ Dex+5}
   (You found it on level 9 of a ziggurat)

   [ring of wizardry]

   Wiz:       It improves your spell success rate.
   Dex+5:     It affects your dexterity (+5).
   rC+:       It protects you from cold.
 v - a ring of see invisible
 w - the ring of the Mage (left hand) {Wiz Archmagi}
   (You found it on level 8 of a ziggurat)

   [ring of wizardry]

   Wiz:       It improves your spell success rate.
   Archmagi:  It increases the power of your magical spells.
 y - the ring of Qemudwy {Wiz rElec}
   (You found it on level 17 of a ziggurat)

   [ring of wizardry]

   Wiz:       It improves your spell success rate.
   rElec:     It insulates you from electricity.
 F - the ring of Symmetry (right hand) {Fire Will+ Int+9}
   (You found it on level 23 of a ziggurat)

   [ring of fire]

   Fire:      It enhances your fire magic.
   Int+9:     It affects your intelligence (+9).
   rF+:       It protects you from fire.
   rC-:       It makes you vulnerable to cold.
   Will+:     It increases your willpower.
 M - the ring of Ixefuaq {Fly rCorr Str+4 Int+6}
   (You found it on level 14 of a ziggurat)

   [ring of intelligence]

   Str+4:     It affects your strength (+4).
   Int+6:     It affects your intelligence (+6).
   Fly:       It grants you flight.
   rCorr:     It protects you from acid and corrosion.
 Q - the macabre finger necklace {Finger+ rN+}
   (You found it on level 6 of a ziggurat)

   [amulet of nothing]

   Finger+:   It enables you to equip an extra ring.
   rN+:       It protects you from negative energy.
 W - the ring of Hun Zim {Wiz rC+ Int+3}
   (You found it on level 3 of the Tomb of the Ancients)

   [ring of wizardry]

   Wiz:       It improves your spell success rate.
   Int+3:     It affects your intelligence (+3).
   rC+:       It protects you from cold.
Wands
 e - a wand of roots (32)
 r - a wand of acid (20)
 U - a wand of paralysis (56)
Scrolls
 b - 3 scrolls of immolation
 c - 3 scrolls of fear
 f - 2 scrolls of vulnerability
 l - 21 scrolls of teleportation
 u - a scroll of blinking
 x - 4 scrolls of enchant armour
 C - a scroll of brand weapon
 E - 7 scrolls of fog
Potions
 k - a potion of cancellation
 m - 5 potions of heal wounds
 I - a potion of invisibility
 J - a potion of resistance
 P - a potion of magic
 R - 23 potions of mutation
 Z - 2 potions of curing
Miscellaneous
 h - a lightning rod (4/4)
 D - a sack of spiders
 K - the horn of Geryon
 O - a condenser vane


   Skills:
 O Level 27 Fighting
 + Level 23.3 Armour
 + Level 21.4 Dodging
 - Level 1.7 Stealth
 - Level 21.7 Shields
 O Level 27 Spellcasting
 - Level 8.0 Conjurations
 - Level 22.0 Summonings
 - Level 3.1 Necromancy
 - Level 11.0 Translocations
 - Level 17.0 Fire Magic
 - Level 22.3 Ice Magic
 - Level 6.0 Air Magic
 - Level 23.0 Earth Magic
 - Level 7.0 Alchemy
 + Level 24.0 Evocations
 - Level 20.0 Shapeshifting


You had 5 spell levels left.
You knew the following spells:

 Your Spells              Type           Power      Damage    Failure   Level
a - Passwall              Erth           100%       N/A       0%          3
b - Borgnjor's Vile Clut  Necr/Erth      60%        N/A       1%          5
c - Bombard               Conj/Erth      64%        9d10      1%          6
d - Dragon's Call         Summ           72%        N/A       2%          9
g - Ignition              Fire           92%        3d23      1%          8
l - Summon Lightning Spi  Summ/Air       100%       N/A       0%          4
n - Apportation           Tloc           100%       N/A       0%          1
s - Shatter               Erth           73%        3d53*     1%          9
t - Summon Forest         Summ/Tloc      65%        N/A       0%          5
w - Stone Arrow           Conj/Erth      100%       3d13      0%          3
z - Passage of Golubria   Tloc           100%       N/A       1%          4
B - Blink                 Tloc           100%       N/A       0%          2
X - Irradiate             Conj/Alch      51%        3d28      1%          5
Y - Sublimation of Blood  Necr           83%        N/A       1%          2
Z - Polar Vortex          Ice            72%        12d9*     2%          9

Your spell library contained the following spells:

 Spells                   Type           Power      Damage    Failure   Level
 Foxfire                  Conj/Fire      100%       2x1d9     0%          1
 Magic Dart               Conj           100%       1d8       0%          1
 Sandblast                Erth           100%       2d20      0%          1
 Summon Small Mammal      Summ           100%       N/A       0%          1
 Call Imp                 Summ           100%       N/A       0%          2
 Ensorcelled Hibernation  Hex/Ice        100%       N/A       0%          2
 Lesser Beckoning         Tloc           100%       N/A       0%          2
 Scorch                   Fire           100%       2d9       0%          2
 Call Canine Familiar     Summ           100%       N/A       0%          3
 Frozen Ramparts          Ice            100%       1d16      0%          3
 Gell's Gravitas          Tloc           100%       N/A       0%          3
 Summon Ice Beast         Ice/Summ       100%       N/A       0%          3
 Teleport Other           Tloc           100%       N/A       0%          3
 Volatile Blastmotes      Fire/Tloc      100%       2d18      0%          3
 Brom's Barrelling Bould  Conj/Erth      100%       2d11      0%          4
 Leda's Liquefaction      Alch/Erth      63%        N/A       0%          4
 Petrify                  Alch/Erth      100%       N/A       0%          4
 Summon Blazeheart Golem  Fire/Summ      100%       N/A       0%          4
 Slow                     Hex            100%       N/A       1%          1
 Sting                    Conj/Alch      100%       1d9       1%          1
 Cigotuvi's Dreadful Rot  Necr/Alch/Air  100%       N/A       1%          2
 Jinxbite                 Hex            100%       N/A       1%          2
 Mercury Vapours          Alch/Air       100%       N/A       1%          2
 Searing Ray              Conj           100%       2d8       1%          2
 Confusing Touch          Hex            66%        N/A       1%          3
 Fugue of the Fallen      Necr           83%        N/A       1%          3
 Inner Flame              Hex/Fire       100%       N/A       1%          3
 Sigil of Binding         Hex            66%        N/A       1%          3
 Swiftness                Air            96%        N/A       1%          3
 Tukima's Dance           Hex            66%        N/A       1%          3
 Vampiric Draining        Necr           83%        2d11      1%          3
 Anguish                  Hex/Necr       37%        N/A       1%          4
 Flame Wave               Conj/Fire      100%       2d21      1%          4
 Fulminant Prism          Conj/Alch      51%        3d23      1%          4
 Ignite Poison            Fire/Alch      100%       N/A       1%          4
 Iskenderun's Mystic Bla  Conj/Tloc      100%       2d19      1%          4
 Manifold Assault         Tloc           100%       N/A       1%          4
 Olgreb's Toxic Radiance  Alch           100%       N/A       1%          4
 Sticky Flame             Fire/Alch      100%       2d15      1%          4
 Alistair's Intoxication  Alch           66%        N/A       1%          5
 Arcjolt                  Conj/Air       50%        1d60      1%          5
 Curse of Agony           Necr           83%        N/A       1%          5
 Fireball                 Conj/Fire      85%        3d31      1%          5
 Freezing Cloud           Conj/Ice/Air   59%        6-21      1%          5
 Metabolic Englaciation   Hex/Ice        57%        N/A       1%          5
 Silence                  Hex/Air        41%        N/A       1%          5
 Summon Mana Viper        Hex/Summ       100%       N/A       1%          5
 Yara's Violent Unravell  Hex/Alch       42%        3d17      1%          5
 Cause Fear               Hex            33%        N/A       2%          4
 Summon Cactus Giant      Summ           72%        N/A       0%          6
 Dispersal                Tloc           57%        N/A       1%          6
 Eringya's Noxious Bog    Alch           50%        4d6       1%          6
 Plasma Beam              Fire/Air       83%        2x1d101   1%          6
 Sculpt Simulacrum        Ice/Alch       63%        N/A       1%          6
 Starburst                Conj/Fire      85%        6d21      1%          6
 Haunt                    Necr/Summ      60%        N/A       1%          7
 Malign Gateway           Summ/Tloc      65%        N/A       1%          7
 Ozocubu's Refrigeration  Ice            72%        4d23      1%          7
 Spellforged Servitor     Conj/Summ      63%        N/A       1%          7
 Orb of Destruction       Conj           52%        9d13      7%          7
 Disjunction              Tloc           57%        N/A       16%         8
 Fire Storm               Conj/Fire      85%        8d21      75%         9
 Enfeeble                 Hex            33%        N/A       85%         7
 Borgnjor's Revivificati  Necr           41%        N/A       98%         8
 Discord                  Hex            33%        N/A       100%        8
 Chain Lightning          Conj/Air       50%        3d66      100%        9
 Death's Door             Necr           41%        N/A       100%        9


Dungeon Overview and Level Annotations

Branches:
Dungeon (15/15)              Lair (5/5) D:11          Swamp (4/4) Lair:2
 Spider (4/4) Lair:2        Slime (5/5) Lair:4       Vaults (5/5) D:14
  Crypt (3/3) Vaults:2       Tomb (3/3) Crypt:3      Depths (4/4) D:15
   Hell (visited)             Dis (7/7) Hell            Geh (7/7) Hell
    Coc (7/7) Hell            Tar (7/7) Hell            Zot (5/5) Depths:4
 WizLab (visited)         Gauntlet (visited)
 Temple: D:4-7          Orc: D:9-12

Altars:
Cheibriados
Elyvilon
Xom
Yredelemnul
Jiyva

Shops:
D:11 [   Vaults:5 *????!!   Zot:1 *   Depths:3 =::

Portals:
Hell: Depths:1 Depths:3
Pandemonium: Depths:2

Annotations:
Lair:4 3 exclusions
Swamp:3 protoss039's ghost, journeyman DsEE
Slime:5 Royal Jelly
Vaults:3 2 exclusions
Dis:7 Dispater
Geh:7 Asmodeus


Innate Abilities, Weirdness & Mutations

You are amphibious.
You cover ground slowly.
You can hop long distances.
You have an extended range of vision and can be seen from far away.
You have sharp toenails.
You are mostly covered in iridescent scales. (AC +4)
You are agile. (Dex +4, Str/Int -1)
Your flesh is heat resistant. (rF+)
You are strong-willed. (Will+)
You are almost entirely resistant to further mutation and mutation removal.
You regenerate.
You are robust. (+10% HP)
You are covered in fur. (AC +1)
Your body has grown eyes which may confuse attackers. (Acc +3)
You expend magic power (3 MP) to strengthen your wands.


Message History

You take 11 damage, and have 262/273 hp.
You enter the passage of Golubria.
You hear a distant slurping noise.
Casting: Passage of Golubria (safe; 1% risk of failure)
Confirm with . or Enter, or press ? or * to list all spells.
Aiming: Passwall (safe; 0% risk of failure)
Press: ? - help, Dir - move target A rock wall.
This square is covered in magical glow.
You feel a surge of power!
HP restored.
You begin to meditate on the wall.
You continue meditating on the rock.
You hear a distant slurping noise.
You continue meditating on the rock.
Magic restored.
You continue meditating on the rock. x2
You finish merging with the rock.
You climb upwards.
There is a stone staircase leading down here.
Blink to where?
Press: ? - help, Dir - move target
As you read the scroll of blinking, it crumbles to dust.
Okay, then.
Casting: Passwall (safe; 0% risk of failure)
Confirm with . or Enter, or press ? or * to list all spells.
You feel a surge of power!
The dungeon rumbles!
A door shatters! x4
Ka-crash!
You hear a shout!
Casting: Shatter (mildly dangerous; 1% risk of failure)
Confirm with . or Enter, or press ? or * to list all spells.
You feel a surge of power!
The dungeon rumbles!
A door shatters! x2
Ka-crash!
You hear a shout!
Blink to where?
Press: ? - help, Dir - move target
As you read the scroll of blinking, it crumbles to dust.
You hear a distant slurping noise.
Unknown command.
You have escaped!

#......#.#
#........###
##...#...#.#
#.##..#.....###
#............#
#......#..#[.....#
#...........#.## #
....##.#.#...#.#
... .. #@#...# ..
.## #.....# ..
......# #.
####.#.# .. #..#
#. .. ##


There were no monsters in sight!

Vanquished Creatures
  Cerebov (Pan)
  Antaeus (Coc:7)
  Mnoleg (Pan)
  the Serpent of Hell (Dis:7)
  Gloorx Vloq (Pan)
  Khufu (Tomb:2)
  13 dread liches
  9 orbs of fire
  17 ancient liches
  A juggernaut (Dis:7)
  Xtahua (Crypt:3)
  45 royal mummies
  the Lernaean hydra (Swamp:4)
  10 shard shrikes
  A curse toe (Zot:5)
  Geryon (Hell)
  10 Killer Klowns
  24 caustic shrikes
  7 profane servitors
  5 golden dragons
  12 bone dragons
  Jory (Depths:3)
  14 doom hounds
  14 Tzitzimimeh
  A shard shrike zombie (Tomb:2)
  15 Brimstone Fiends
  2 electric golems (Zot:5)
  9 hellephants
  Jorgrun (D:12)
  17 pandemonium lords
  14 tentacled monstrosities
  27 iron giants
  9 liches
  29 Hell Sentinels
  27 Ice Fiends
  10 tainted leviathans
  24 Orb Guardians
  Zenata (Crypt:1)
  A walking crystal tome (WizLab)
  9 quicksilver dragons
  A deep elf master archer (Zig:10)
  21 titans
  19 searing wretches
  23 Executioners
  2 death cobs
  Mlioglotl (Spider:2)
  3 walking frostbound tomes (Pan)
  9 tentacled starspawn
  10 sphinxes
  Frances (Spider:2)
  27 ancient champions
  An eldritch tentacle (Pan)
  6 storm dragons
  A shadow dragon (shapeshifter) (Zig:5)
  A strange machine (WizLab)
  12 shadow dragons
  13 protean progenitors
  4 tengu reavers
  14 draconian monks
  5 revenants
  3 fenstrider witches
  Donald (Swamp:4)
  9 narguns
  13 fire giants
  39 balrugs
  A spectral caustic shrike (Tar:2)
  5 demonspawn warmongers
  8 quicksilver elementals
  A deep elf sorcerer (Vaults:5)
  8 draconian shifters
  10 emperor scorpions
  7 iron dragons
  8 frost giants
  13 vault wardens
  8 spectral juggernauts (Tar:1)
  17 shard shrike simulacra
  13 draconian scorchers
  16 ghost moths
  8 draconian knights
  A broodmother (shapeshifter) (Zig:5)
  9 curse skulls
  2 angels
  6 ghouls
  9 orc warlords (Zig:20)
  21 reapers
  An iron troll (shapeshifter) (Zig:19)
  3 spriggan defenders
  2 caustic shrike skeletons
  10 cacodemons
  7 ironbound preservers
  7 draconian stormcallers
  31 stone giants
  An ironbound thunderhulk (Vaults:4)
  7 very ugly things
  10 demonspawn blood saints
  6 demonspawn corrupters
  7 juggernaut skeletons
  6 draconian annihilators
  2 vampire knights
  5 broodmothers
  2 deep elf death magi
  25 elemental wellsprings
  5 lorocyprocas
  11 putrid mouths
  15 dire elephants
  8 demonspawn black suns
  6 black draconians
  15 purple draconians
  16 bennus
  6 eleionomae
  A deep elf annihilator (Pan)
  2 bunyips (Zig:13)
  8 yellow draconians
  34 war gargoyles
  9 red draconians
  19 green draconians
  7 spark wasps
  24 wendigos
  29 iron golems
  14 white draconians
  Azrael (D:12)
  17 blizzard demons
  6 eidola
  6 merfolk javelineers
  10 green deaths
  27 mummy priests
  7 ettins
  The ghost of Haxyobbu the Fighter, a journeyman MiFi of Okawaru (Lair:2)
  13 fire dragons
  A spectral quicksilver dragon (Tar:2)
  2 deep elf high priests (Vaults:5)
  4 shambling mangroves
  2 nameless horrors
  10 entropy weavers
  2 spriggan zombies
  A spectral spriggan (Tar:6)
  5 hell beasts
  4 yaktaur captains (Vaults:5)
  3 spriggan air magi
  5 ogre magi
  8 rakshasas
  23 hydras
  3 catoblepae
  5 ice dragons
  3 radroaches
  A catoblepas (shapeshifter) (Zig:19)
  An Orb Guardian zombie (Crypt:3)
  11 caustic shrike simulacra
  Harold (D:11)
  8 alligators
  3 boulder beetles
  A ghost crab (Swamp:1)
  4 ironbound frosthearts
  11 juggernaut simulacra
  19 salamander tyrants
  28 vault guards
  2 centaur warriors (D:15)
  3 jorogumos
  4 spriggan skeletons
  Erica (Lair:2)
  A merfolk aquamancer (Pan)
  A satyr (shapeshifter) (Zig:19)
  13 two-headed ogres
  3 deep troll shamans
  2 stokers
  6 satyrs
  A boulder beetle (shapeshifter) (Zig:19)
  10 dancing weapons (WizLab)
  A death yak (shapeshifter) (Zig:5)
  4 tengu warriors
  22 death scarabs
  2 sphinx skeletons
  46 hell hogs
  6 vampire magi
  4 spriggan berserkers
  A death yak (Zig:18)
  7 deep troll earth magi
  A spectral dire elephant (Tar:2)
  3 occultists
  8 demonic crawlers
  16 hell knights
  A spectral naga (Tar:6)
  62 sun demons
  6 orc high priests (Zig:20)
  27 soul eaters
  8 thrashing horrors
  A shock serpent (shapeshifter) (Zig:5)
  13 wretched stars
  2 hellephant skeletons (Pan)
  2 titan skeletons
  25 crystal echidnas
  7 iron trolls
  A spatial maelstrom (Zig:13)
  16 shadow wraiths
  16 sixfirhies
  10 skysharks
  An anaconda zombie (Hell)
  8 pharaoh ants
  7 flayed ghosts
  10 spriggan druids
  11 swamp dragons
  18 skeletal warriors
  8 fire crabs
  4 quicksilver dragon simulacra
  9 shadow demons
  8 goliath frogs
  6 ironbound convokers
  7 death drakes
  9 orb spiders
  13 deep trolls
  8 sun moths
  15 phantasmal warriors
  3 arcanists
  8 spriggan simulacra
  15 steelbarb worms
  An obsidian statue (Zig:2)
  6 bog bodies
  2 deep elf pyromancers
  A shining eye (shapeshifter) (Zig:19)
  8 orange crystal statues
  24 wolf spiders
  A shadow dragon skeleton (Zig:23)
  4 orc knights
  8 necromancers
  A frost giant zombie (Tar:1)
  An oklob plant (Lair:2)
  7 orc sorcerers
  An iron dragon zombie (Zig:23)
  2 tengu skeletons (Zig:23)
  16 will-o-the-wisps
  A faun (shapeshifter) (Zig:15)
  3 fauns (Zig:10)
  26 moths of wrath
  2 cyclopes
  19 ugly things
  4 fire giant zombies (Tar:1)
  6 worldbinders
  A spectral alligator snapping turtle (Tar:3)
  3 elephants
  13 large abominations
  6 kobold blastminers
  4 Executioner simulacra (Pan)
  A meliai (Zig:21)
  2 apocalypse crabs
  A naga mage (Zig:3)
  6 black mambas
  A centaur zombie (Tomb:3)
  3 vault sentinels
  7 ice statues
  6 rust devils (Hell)
  20 smoke demons
  A torpor snail (shapeshifter) (Zig:5)
  2 unseen horrors
  16 cane toads
  6 titan simulacra
  16 torpor snails
  A draconian skeleton (Tomb:1)
  6 orange demons
  10 molten gargoyles
  A gargoyle (D:14)
  9 komodo dragons
  A yaktaur (shapeshifter) (Zig:19)
  15 yaktaurs
  2 freezing wraiths
  21 hellions
  6 rime drakes
  13 efreet
  2 golden dragon simulacra
  21 tormentors
  6 anaconda simulacra
  7 ancient zymes
  2 bunyip simulacra (Coc:2)
  64 guardian mummies
  7 spectral harpies
  9 ice devils
  7 tengu conjurers
  7 iron giant simulacra
  2 red devils (Pan)
  A wind drake (Zig:10)
  3 trolls
  A harpy zombie (Hell)
  2 harpy skeletons
  7 polar bears
  A shadow dragon simulacrum (Coc:1)
  25 tarantellas
  19 hornets
  2 bloated husks
  A polar bear (shapeshifter) (Zig:15)
  A silent spectre (Zig:22)
  6 hellwings (Pan)
  8 raiju
  A tarantella (shapeshifter) (D:15)
  7 tyrant leeches
  5 iron dragon simulacra
  7 blink frogs
  A stone giant simulacrum (Coc:5)
  26 jumping spiders
  18 ynoxinuls
  A spriggan (shapeshifter) (Depths:4)
  4 shadows (Crypt:3)
  27 culicivoras
  A small abomination (Abyss:4)
  9 wyverns
  A centaur simulacrum (Coc:1)
  13 spriggans
  8 dire elephant simulacra
  17 ushabtiu
  A water elemental (Depths:2)
  30 yaks
  A fire bat (Abyss:4)
  A hog (shapeshifter) (Zig:5)
  4 wraiths
  3 basilisks
  A basilisk (shapeshifter) (Zig:15)
  A warg (Zig:20)
  2 fire elementals (D:12)
  25 redbacks
  Eustachio (D:6)
  5 steam dragons
  A vampire (D:10)
  34 neqoxecs
  33 starcursed masses
  12 chaos spawn (Pan)
  11 vampire mosquitoes
  26 harpy simulacra
  2 swamp worms (shapeshifter) (Zig:19)
  12 swamp worms
  6 water moccasins
  8 hell hounds
  2 hydra simulacra
  28 laughing skulls
  6 swamp drakes
  6 ettin simulacra
  16 orc warriors
  A black bear (Lair:1)
  8 boggarts
  8 centaurs
  17 wolves
  10 ogres
  A hog skeleton (Crypt:3)
  10 weeping skulls
  6 bullfrogs
  2 gnoll sergeants
  3 necrophages (Crypt:3)
  5 scorpions
  6 naga simulacra
  A wight (D:4)
  A swamp dragon simulacrum (Coc:1)
  10 killer bees (D:11)
  16 jellies
  4 orc priests
  A hound (D:4)
  Jessica (D:3)
  9 orc wizards
  6 hell rats (Hell)
  A boggart skeleton (Crypt:1)
  70 mummies
  8 gnolls
  7 adders
  A white imp (Lair:4)
  2 ribbon worms
  A dart slug (D:4)
  16 orcs
  3 ball pythons
  An endoplasm (D:2)
  2 goblins
  A hobgoblin (D:3)
  2 jackals
  A gnoll skeleton (Crypt:3)
  A hobgoblin zombie (Crypt:3)
  2 kobolds
  4 rats
  12 aspiring fleshes
  A butterfly (Zig:15)
  4 creeping infernos
  16 fire vortices
  A lurking horror (Abyss:4)
  8 snaplasher vines
  4 starspawn tentacles
3223 creatures vanquished.

Vanquished Creatures (collateral kills)
  Ereshkigal (Tar:7)
  2 dread liches
  An ancient lich (Zig:7)
  A royal mummy (Tomb:1)
  2 pandemonium lords
  3 caustic shrikes (Zig:14)
  A golden dragon (Vaults:5)
  5 bone dragons
  2 Tzitzimimeh
  An iron giant (Zig:6)
  A Hell Sentinel (Zig:6)
  3 doom hounds
  4 tentacled monstrosities
  A lich (Zig:16)
  5 tainted leviathans (Tar:7)
  2 Executioners (Pan)
  A tentacled starspawn (Zig:22)
  2 shadow dragons (Vaults:5)
  A protean progenitor (Zig:19)
  A revenant (Zig:16)
  A draconian monk (Zig:6)
  A draconian knight (Zig:11)
  A fire giant (Geh:1)
  2 quicksilver elementals (Zig:8)
  2 demonspawn warmongers (Pan)
  2 frost giants
  2 vault wardens
  6 emperor scorpions (Spider:4)
  An iron dragon (Zig:6)
  2 balrugs (Pan)
  A ghoul (Zig:16)
  A reaper (Pan)
  2 draconian annihilators
  3 demonspawn corrupters (Pan)
  A broodmother (Spider:4)
  2 very ugly things (Pan)
  A demonspawn blood saint (Pan)
  An ironbound preserver (Vaults:5)
  A vampire knight (Zig:16)
  3 putrid mouths
  2 green draconians (Zig:6)
  A minotaur (Gauntlet)
  2 white draconians (Zig:11)
  A purple draconian (Zig:11)
  2 dire elephants
  A bunyip (Swamp:4)
  An iron golem (Zig:8)
  4 eidola (Tar:7)
  3 fire dragons
  An entropy weaver (Spider:4)
  A shambling mangrove (Swamp:4)
  A spectral spriggan (Tar:4)
  2 catoblepae
  A vault guard (Vaults:5)
  3 rakshasas
  4 hydras
  A ghost crab (Swamp:4)
  A boulder beetle (Lair:4)
  4 demonic crawlers
  A hell hog (Depths:1)
  A thrashing horror (Zig:22)
  4 sun demons (Pan)
  4 wretched stars
  A spectral dire elephant (Tar:5)
  A crystal echidna (Zig:8)
  A soul eater (Pan)
  3 hell knights
  4 shadow wraiths (Tar:7)
  3 sixfirhies
  2 skysharks (Zig:14)
  A pharaoh ant (Spider:1)
  4 skeletal warriors (D:15)
  A shadow demon (Pan)
  A goliath frog (Pan)
  2 spatial maelstroms
  An orb spider (shapeshifter) (Zig:22)
  An ironbound convoker (Vaults:5)
  5 swamp dragons
  2 sun moths
  2 steelbarb worms
  7 phantasmal warriors
  A necromancer (Depths:1)
  A lindwurm (Lair:4)
  An ugly thing (Pan)
  2 wolf spiders (Spider:2)
  2 moths of wrath
  A rust devil (Pan)
  2 elephants (Lair:4)
  2 vault sentinels (Vaults:4)
  A naga mage (Zig:3)
  6 large abominations
  2 apocalypse crabs
  Jeremiah (Lair:1)
  2 cane toads
  3 torpor snails (Zig:14)
  5 smoke demons
  An orange demon (Pan)
  A hellion (Tar:6)
  3 efreet (Pan)
  A yaktaur (Vaults:4)
  An ancient zyme (Zig:22)
  4 komodo dragons
  A freezing wraith (Vaults:5)
  A tormentor (Tar:6)
  A silent spectre (Tar:7)
  A tyrant leech (Swamp:4)
  4 polar bears
  A tarantella (Spider:1)
  A culicivora (Spider:4)
  5 jumping spiders
  A shadow (D:12)
  4 yaks
  5 ynoxinuls (Pan)
  A spriggan (Swamp:4)
  A vampire (Zig:22)
  A wyvern (Lair:1)
  A basilisk (Lair:2)
  2 redbacks
  3 neqoxecs (Pan)
  A swamp worm (Swamp:3)
  2 acid dragons
  6 water moccasins
  4 swamp drakes
  2 ice beasts
  A laughing skull (Zig:22)
  An ogre (Vaults:5)
  2 black bears
  9 wolves
  11 starcursed masses (Zig:22)
  A killer bee (D:11)
  A hound (D:4)
  An iguana (D:4)
  2 sleepcaps
  A mummy (Tomb:3)
  2 gnolls (D:7)
  An adder (D:2)
  A shadow imp (D:7)
  2 white imps (Lair:4)
  3 ball pythons
  A giant cockroach (D:4)
  A hobgoblin (D:2)
  A frilled lizard (D:2)
  4 aspiring fleshes
  A starspawn tentacle (Zig:22)
303 creatures vanquished.

Vanquished Creatures (others)
  A hellephant (Geh:7)
  A sphinx (Vaults:4)
  An azure jelly (Zig:8)
  A formless jellyfish (Vaults:2)
  A cacodemon (Pan)
  An ironbound thunderhulk (Vaults:2)
  2 demonspawn blood saints (Pan)
  A black draconian (Zot:5)
  A deep elf annihilator (Vaults:2)
  A red draconian (Zig:6)
  A yaktaur captain (Vaults:2)
  5 great orbs of eyes
  A satyr (Pan)
  A two-headed ogre (shapeshifter) (Vaults:5)
  An anaconda (Zig:19)
  3 glowing orange brains
  2 orb spiders (shapeshifter)
  3 glowing orange brains (shapeshifter)
  A quicksilver dragon simulacrum (Coc:7)
  An arcanist (Vaults:3)
  A harpy (shapeshifter) (Vaults:5)
  A large abomination (Zig:22)
  3 shining eyes (shapeshifter)
  An ugly thing (Vaults:2)
  2 will-o-the-wisps
  A moth of wrath (shapeshifter) (Zig:19)
  2 vault sentinels (Vaults:4)
  A smoke demon (Zig:22)
  4 eyes of devastation
  A komodo dragon (shapeshifter) (Vaults:5)
  A yaktaur (Vaults:4)
  An ice devil (Pan)
  2 bloated husks (Swamp:2)
  3 hornets (Zig:13)
  A glass eye (shapeshifter) (Vaults:5)
  2 glass eyes (Pan)
  11 slime creatures
  A wyvern (shapeshifter) (Vaults:5)
  A starcursed mass (Abyss:4)
  A golden eye (Pan)
  A neqoxec (Pan)
  A swamp worm (shapeshifter) (Zig:19)
  A hell hound (D:12)
  A swamp drake (Swamp:4)
  2 centaurs
  A bullfrog (Lair:2)
  An electric eel (D:13)
  70 jellies
  A tengu skeleton (Crypt:3)
  A mummy (Tomb:1)
  A gnoll (D:8)
  3 endoplasms (D:4)
  A giant cockroach (D:3)
  A goblin (D:3)
  A quokka (D:1)
  An aspiring flesh (Zig:19)
  6 ball lightnings
  A butterfly (D:10)
  25 foxfires
  5 snaplasher vines
  8 starspawn tentacles
204 creatures vanquished.

Grand Total: 3730 creatures vanquished

Notes
Turn   | Place    | Note
-------+----------+-------------------------------------------
     0 | D:1      | Sapher the Barachi Summoner began the quest for the Orb.
     0 | D:1      | Reached XP level 1. HP: 13/13 MP: 3/3
    35 | D:2      | Reached skill level 5 in Summonings
    35 | D:2      | Reached XP level 2. HP: 15/19 MP: 0/5
   146 | D:2      | Reached XP level 3. HP: 23/24 MP: 4/7
   150 | D:2      | Learned a level 3 spell: Call Canine Familiar
   249 | D:2      | Learned a level 2 spell: Call Imp
   292 | D:3      | Identified a scroll of acquirement
   292 | D:3      | Acquired the +9 staff of Olgreb {rPois∞}
   292 | D:3      | Found the +9 staff of Olgreb {rPois∞}
   312 | D:3      | Found a faded altar of an unknown god.
   329 | D:3      | Prayed at the altar of an unknown god.
   329 | D:3      | Became a worshipper of Jiyva Jekuink the Shapeless
   329 | D:3      | Reached * piety under Jiyva
   342 | D:3      | Noticed Jessica
   344 | D:3      | Killed Jessica
   345 | D:3      | Reached skill level 1 in Evocations
   345 | D:3      | Reached XP level 4. HP: 20/30 MP: 2/9
   406 | D:4      | Reached skill level 1 in Fighting
   406 | D:4      | Reached XP level 5. HP: 36/37 MP: 3/10
   457 | D:4      | Learned a level 4 spell: Summon Lightning Spire
   465 | D:4      | Reached XP level 6. HP: 44/44 MP: 10/12
   475 | D:4      | Reached ** piety under Jiyva
   509 | D:5      | Entered Level 5 of the Dungeon
   551 | D:5      | Reached skill level 1 in Air Magic
   555 | D:5      | Noticed a water moccasin
   563 | D:5      | Killed a water moccasin
   569 | D:5      | Noticed an ice beast
   578 | D:5      | Killed an ice beast
   579 | D:5      | Reached XP level 7. HP: 50/50 MP: 13/13
   637 | D:8      | Noticed a wyvern
   646 | D:8      | Killed a wyvern
   647 | D:8      | Reached skill level 5 in Spellcasting
   647 | D:8      | Reached XP level 8. HP: 50/56 MP: 6/15
   676 | D:8      | Noticed a wyvern
   690 | D:8      | Killed a wyvern
   691 | D:8      | Reached skill level 5 in Evocations
   697 | D:8      | Reached *** piety under Jiyva
   721 | D:7      | Gained mutation: You are resistant to electric shocks.
                  | (rElec) [Jiyva's grace]
   721 | D:7      | Gained mutation: You have a small jelly attached to you
                  | that may absorb projectiles. [Jiyva's grace]
   721 | D:7      | Gained mutation: You are covered in slimy tendrils that may
                  | disarm your opponents. [Jiyva's grace]
   721 | D:7      | Gained mutation: You are covered in fur. (AC +1) [Jiyva's
                  | grace]
   750 | D:7      | Found a snail-covered altar of Cheibriados.
   754 | D:6      | Noticed Eustachio
   763 | D:6      | Killed Eustachio
   831 | D:8      | Reached XP level 9. HP: 46/65 MP: 16/19
   916 | D:10     | Entered Level 10 of the Dungeon
  1029 | D:11     | Reached **** piety under Jiyva
  1039 | D:11     | Noticed a komodo dragon
  1051 | D:11     | Killed a komodo dragon
  1064 | D:11     | Killed an unseen horror
  1065 | D:11     | Reached skill level 10 in Spellcasting
  1113 | D:11     | Learned a level 3 spell: Passwall
  1117 | D:11     | Learned a level 3 spell: Stone Arrow
  1126 | D:11     | Found a staircase to the Lair.
  1130 | D:11     | Reached skill level 1 in Conjurations
  1130 | D:11     | Reached skill level 1 in Earth Magic
  1130 | D:11     | Reached XP level 10. HP: 62/71 MP: 17/24
  1133 | Lair:1   | Entered Level 1 of the Lair of Beasts
  1210 | Lair:1   | Noticed Jeremiah
  1219 | Lair:1   | Noticed a black mamba
  1221 | Lair:1   | Killed Jeremiah
  1222 | Lair:1   | Reached skill level 5 in Fighting
  1234 | Lair:1   | Killed a black mamba
  1236 | Lair:1   | Reached skill level 5 in Dodging
  1309 | Lair:1   | Reached ***** piety under Jiyva
  1329 | Lair:2   | Noticed a seven-headed hydra
  1331 | Lair:2   | Reached XP level 11. HP: 69/81 MP: 16/26
  1354 | Lair:1   | Found a basalt altar of Yredelemnul.
  1431 | Lair:2   | Noticed Erica
  1439 | Lair:2   | Lost mutation: You are resistant to electric shocks.
                  | (rElec) [Jiyva's grace]
  1439 | Lair:2   | Gained mutation: Your rubbery body absorbs attacks. (AC +1,
                  | EV +1) [Jiyva's grace]
  1439 | Lair:2   | Gained mutation: Your pliable body absorbs attacks. (AC +2,
                  | EV +2) [Jiyva's grace]
  1439 | Lair:2   | Gained mutation: Your gelatinous body deflects attacks. (AC
                  | +3, EV +3) [Jiyva's grace]
  1439 | Lair:2   | Gained mutation: Your muscles are strong. (Str +4, Int/Dex
                  | -1) [Jiyva's grace]
  1444 | Lair:2   | Killed Erica
  1445 | Lair:2   | Reached skill level 1 in Fire Magic
  1445 | Lair:2   | Reached skill level 1 in Alchemy
  1454 | Lair:2   | Learned a level 4 spell: Ignite Poison
  1459 | Lair:2   | Found a hole to the Spider Nest.
  1523 | Lair:2   | Killed a seven-headed hydra
  1556 | Lair:2   | Found a staircase to the Swamp.
  1564 | Lair:2   | Reached skill level 5 in Fire Magic
  1564 | Lair:2   | Reached skill level 5 in Alchemy
  1604 | Lair:2   | Noticed an oklob plant
  1626 | Lair:2   | Killed an oklob plant
  1637 | Lair:2   | Identified the +0 pair of boots of the Ten Nightingales
                  | {rC+ rN+}
  1679 | Lair:2   | Found a runed translucent door.
  1679 | Lair:2   | Noticed a six-headed hydra
  1679 | Lair:2   | Noticed Haxyobbu's ghost (journeyman MiFi)
  1687 | Lair:2   | Learned a level 5 spell: Freezing Cloud
  1761 | Lair:3   | Reached skill level 1 in Ice Magic
  1773 | Lair:3   | Reached XP level 12. HP: 89/89 MP: 20/27
  1834 | Lair:4   | Reached skill level 5 in Conjurations
  1841 | Lair:5   | Entered Level 5 of the Lair of Beasts
  1841 | Lair:5   | Reached ****** piety under Jiyva
  1891 | Lair:4   | Reached skill level 5 in Air Magic
  1914 | Lair:4   | Noticed a five-headed hydra
  1916 | Lair:4   | Noticed a boulder beetle
  1919 | Lair:4   | Killed a five-headed hydra
  1920 | Lair:4   | Reached skill level 5 in Ice Magic
  1923 | Lair:4   | Killed a boulder beetle
  1940 | Lair:4   | Lost mutation: Your muscles are strong. (Str +4, Int/Dex
                  | -1) [Jiyva's grace]
  1940 | Lair:4   | Lost mutation: Your gelatinous body deflects attacks. (AC
                  | +3, EV +3) [Jiyva's grace]
  1940 | Lair:4   | Lost mutation: You are covered in slimy tendrils that may
                  | disarm your opponents. [Jiyva's grace]
  1940 | Lair:4   | Gained mutation: You expend magic power (3 MP) to
                  | strengthen your wands. [Jiyva's grace]
  1940 | Lair:4   | Gained mutation: You have a small jelly attached to you
                  | that senses nearby items. [Jiyva's grace]
  1940 | Lair:4   | Gained mutation: Your muscles are strong. (Str +4, Int/Dex
                  | -1) [Jiyva's grace]
  1940 | Lair:4   | Gained mutation: Your muscles are very strong. (Str +8,
                  | Int/Dex -2) [Jiyva's grace]
  1962 | Lair:4   | Noticed an ice dragon
  1967 | Lair:4   | Killed an ice dragon
  2010 | Lair:5   | Noticed a six-headed hydra
  2042 | Lair:4   | Found a staircase to the Slime Pits.
  2051 | Lair:4   | Found a gate leading to a gauntlet.
  2061 | Gauntlet | Entered a Gauntlet
  2061 | Gauntlet | Found a transporter.
  2062 | Gauntlet | Found a transporter.
  2066 | Gauntlet | Found a transporter.
  2068 | Gauntlet | Found a runed translucent door.
  2070 | Gauntlet | Found a transporter.
  2080 | Gauntlet | Noticed a death scarab
  2081 | Gauntlet | Found a transporter.
  2083 | Gauntlet | Found a transporter.
  2090 | Gauntlet | Noticed a death scarab
  2091 | Gauntlet | Found a transporter.
  2099 | Gauntlet | Gained mutation: You can hop long distances. [Barachi
                  | growth]
  2099 | Gauntlet | Reached XP level 13. HP: 96/96 MP: 25/29
  2106 | Gauntlet | Found a transporter.
  2127 | Gauntlet | Identified the +2 glaive of Gavvaosi {freeze, Fly}
  2127 | Gauntlet | Noticed a minotaur
  2132 | Gauntlet | Killed a minotaur
  2146 | Gauntlet | Got Buudof's Vademecum on Superposition
  2151 | Gauntlet | Identified the +9 kite shield "Byluc" {Will+ Regen+}
  2171 | Slime:1  | Entered Level 1 of the Pits of Slime
  2172 | Slime:1  | Noticed an acid blob
  2178 | Slime:2  | Noticed a rockslime
  2181 | Slime:2  | Noticed an acid blob
  2187 | Slime:3  | Noticed a great orb of eyes
  2187 | Slime:3  | Noticed an azure jelly
  2194 | Slime:3  | Noticed a quicksilver ooze
  2205 | Slime:4  | Noticed a rockslime
  2206 | Slime:4  | Noticed an acid blob
  2208 | Slime:4  | You fall into a shaft and drop 1 floor!
  2208 | Slime:5  | Entered Level 5 of the Pits of Slime
  2208 | Slime:5  | Noticed an acid blob
  2208 | Slime:5  | Noticed an acid blob
  2208 | Slime:5  | Noticed an acid blob
  2208 | Slime:5  | Noticed an acid blob
  2208 | Slime:5  | Noticed a great orb of eyes
  2208 | Slime:5  | Noticed an acid blob
  2208 | Slime:5  | Noticed an acid blob
  2208 | Slime:5  | Noticed an acid blob
  2208 | Slime:5  | Noticed the Royal Jelly
  2208 | Slime:5  | Found a viscous altar of Jiyva.
  2211 | Slime:5  | Learned a level 1 spell: Apportation
  2224 | Slime:5  | Identified the ring "Jilotuap" {rCorr Int+3}
  2225 | Slime:5  | Identified the staff of Wim Nyd {rPois Earth}
  2238 | Slime:5  | Noticed an acid blob
  2242 | Slime:5  | Got a slimy rune of Zot
  2242 | Slime:5  | Got a starry gem with 522 turns to spare
  2254 | Slime:5  | Noticed an acid blob
  2257 | Slime:5  | Identified the +3 scale mail of Cebuj {rC+ rN+} (You found
                  | it on level 5 of the Pits of Slime)
  2258 | Slime:5  | Identified the +4 glaive of the Illusory Artists {chaos,
                  | Fly rPois}
  2272 | Slime:5  | Noticed an acid blob
  2282 | Slime:5  | Noticed a great orb of eyes
  2286 | Slime:4  | Noticed an acid blob
  2294 | Slime:3  | Noticed an azure jelly
  2294 | Slime:3  | Noticed an azure jelly
  2294 | Slime:3  | Noticed a rockslime
  2294 | Slime:3  | Noticed an azure jelly
  2301 | Slime:3  | Noticed an acid blob
  2322 | Slime:2  | Noticed an acid blob
  2403 | Lair:4   | Learned a level 5 spell: Summon Forest
  2492 | Lair:2   | Reached skill level 1 in Shields
  2492 | Lair:2   | Reached skill level 1 in Translocations
  2498 | Lair:2   | Killed Haxyobbu's ghost
  2505 | Lair:2   | Identified the +0 helmet "Unufod" {Will+}
  2529 | Spider:1 | Entered Level 1 of the Spider Nest
  2529 | Spider:1 | Noticed a broodmother
  2539 | Spider:1 | Killed a broodmother
  2913 | Spider:1 | Reached skill level 5 in Shields
  2946 | Spider:2 | Noticed Frances
  2954 | Spider:2 | Killed Frances
  2955 | Spider:2 | Reached XP level 14. HP: 103/103 MP: 10/31
  3031 | Spider:2 | Lost mutation: Your pliable body absorbs attacks. (AC +2,
                  | EV +2) [Jiyva's grace]
  3031 | Spider:2 | Gained mutation: You are partially covered in iridescent
                  | scales. (AC +2) [Jiyva's grace]
  3031 | Spider:2 | Gained mutation: You are mostly covered in iridescent
                  | scales. (AC +4) [Jiyva's grace]
  3031 | Spider:2 | Gained mutation: You are completely covered in iridescent
                  | scales. (AC +6) [Jiyva's grace]
  3031 | Spider:2 | Gained mutation: You have a pair of small horns on your
                  | head. [Jiyva's grace]
  3056 | Spider:4 | Entered Level 4 of the Spider Nest
  3096 | Spider:4 | Noticed an emperor scorpion
  3108 | Spider:4 | Killed an emperor scorpion
  3130 | Spider:4 | Reached skill level 5 in Translocations
  3134 | Spider:4 | Reached skill level 10 in Summonings
  3170 | Spider:4 | Noticed an emperor scorpion
  3173 | Spider:4 | Noticed an emperor scorpion
  3187 | Spider:4 | Killed an emperor scorpion
  3191 | Spider:4 | Killed an emperor scorpion
  3207 | Spider:4 | Noticed a broodmother
  3211 | Spider:4 | Killed a broodmother
  3220 | Spider:4 | Noticed an emperor scorpion
  3227 | Spider:4 | Noticed an emperor scorpion
  3228 | Spider:4 | Noticed an emperor scorpion
  3235 | Spider:4 | Killed an emperor scorpion
  3239 | Spider:4 | Killed an emperor scorpion
  3249 | Spider:4 | Killed an emperor scorpion
  3250 | Spider:4 | Reached skill level 15 in Spellcasting
  3250 | Spider:4 | Reached XP level 15. HP: 108/108 MP: 20/34
  3290 | Spider:4 | Noticed an emperor scorpion
  3299 | Spider:4 | Killed an emperor scorpion
  3310 | Spider:4 | Killed a ghost moth
  3315 | Spider:4 | Reached skill level 1 in Armour
  3330 | Spider:4 | Got a gossamer rune of Zot
  3330 | Spider:4 | Got a milky-white gem with 1480 turns to spare
  3363 | Spider:4 | Noticed an emperor scorpion
  3370 | Spider:4 | Killed an emperor scorpion
  3390 | Spider:4 | Noticed an emperor scorpion
  3401 | Spider:4 | Killed an emperor scorpion
  3430 | Spider:4 | Reached skill level 5 in Armour
  3443 | Spider:4 | Killed a ghost moth
  3478 | Spider:2 | Noticed Mlioglotl
  3492 | Spider:2 | Killed Mlioglotl
  3625 | Swamp:1  | Entered Level 1 of the Swamp
  3756 | Swamp:4  | Entered Level 4 of the Swamp
  3865 | Swamp:4  | Reached XP level 16. HP: 120/120 MP: 20/35
  4004 | Swamp:4  | Noticed the 27-headed Lernaean hydra
  4013 | Swamp:4  | Killed the 27-headed Lernaean hydra
  4014 | Swamp:4  | Reached skill level 10 in Ice Magic
  4041 | Swamp:4  | Got a decaying rune of Zot
  4041 | Swamp:4  | Got a mossy gem with 1328 turns to spare
  4125 | Swamp:4  | Noticed Donald
  4130 | Swamp:4  | Killed Donald
  4176 | Swamp:3  | Found a runed translucent gate.
  4176 | Swamp:3  | Found a runed translucent gate.
  4176 | Swamp:3  | Found a runed translucent gate.
  4181 | Swamp:3  | Noticed protoss039's ghost (journeyman DsEE)
  4190 | Swamp:3  | Identified the +1 pair of gloves of Compression {rPois
                  | rC+++ Str-3 SInv}
  4254 | Swamp:2  | Lost mutation: Your muscles are very strong. (Str +8,
                  | Int/Dex -2) [Jiyva's grace]
  4254 | Swamp:2  | Gained mutation: Your mind is acute. (Int +4, Str/Dex -1)
                  | [Jiyva's grace]
  4254 | Swamp:2  | Gained mutation: Your mind is very acute. (Int +8, Str/Dex
                  | -2) [Jiyva's grace]
  4254 | Swamp:2  | Gained mutation: Your melee attacks may engulf your foes in
                  | ooze. [Jiyva's grace]
  4254 | Swamp:2  | Gained mutation: Your muscles are very strong. (Str +8,
                  | Int/Dex -2) [Jiyva's grace]
  4580 | D:12     | Noticed Jorgrun
  4588 | D:12     | Killed Jorgrun
  4649 | D:12     | Noticed Azrael
  4656 | D:12     | Killed Azrael
  4677 | D:11     | Noticed Harold
  4679 | D:11     | Found Jemyllec's Armour Boutique.
  4680 | D:11     | Killed Harold
  4742 | D:10     | Found a white marble altar of Elyvilon.
  4970 | D:14     | Reached skill level 15 in Summonings
  4989 | D:15     | Entered Level 15 of the Dungeon
  5020 | D:14     | Reached skill level 10 in Fire Magic
  5020 | D:14     | Reached XP level 17. HP: 105/125 MP: 20/37
  5025 | D:14     | Found a gate to the Vaults.
  5035 | Vaults:1 | Entered Level 1 of the Vaults
  5111 | Vaults:1 | Lost mutation: Your mind is very acute. (Int +8, Str/Dex
                  | -2) [Jiyva's grace]
  5111 | Vaults:1 | Lost mutation: Your rubbery body absorbs attacks. (AC +1,
                  | EV +1) [Jiyva's grace]
  5111 | Vaults:1 | Gained mutation: You are somewhat resistant to further
                  | mutation. [Jiyva's grace]
  5111 | Vaults:1 | Gained mutation: You are somewhat resistant to both further
                  | mutation and mutation removal. [Jiyva's grace]
  5111 | Vaults:1 | Gained mutation: You are almost entirely resistant to
                  | further mutation and mutation removal. [Jiyva's grace]
  5111 | Vaults:1 | Gained mutation: Your mind is very acute. (Int +8, Str/Dex
                  | -2) [Jiyva's grace]
  5274 | Vaults:4 | Killed a sphinx
  5500 | Vaults:3 | Found a flickering gateway to a bazaar.
  5506 | Bazaar   | Entered a bazaar
  5514 | Bazaar   | Found Izyasu Wira's Book Emporium.
  5514 | Bazaar   | Found Lawaotuf's Jewellery Shoppe.
  5633 | Vaults:4 | Learned a level 2 spell: Blink
  5635 | Vaults:5 | Entered Level 5 of the Vaults
  5637 | Vaults:5 | Noticed a tentacled monstrosity
  5638 | Vaults:5 | Noticed a titan
  5639 | Vaults:5 | Reached skill level 10 in Fighting
  5643 | Vaults:5 | Reached XP level 18. HP: 80/138 MP: 27/39
  5650 | Vaults:5 | Killed a titan
  5653 | Vaults:5 | Killed a tentacled monstrosity
  5707 | Vaults:5 | Noticed a golden dragon
  5714 | Vaults:5 | Killed a golden dragon
  5759 | Vaults:5 | Noticed a titan
  5763 | Vaults:5 | Killed a titan
  5764 | Vaults:5 | Found Jiogid's General Store.
  5783 | Vaults:5 | Bought 2 potions of heal wounds for 180 gold pieces
  5783 | Vaults:5 | Bought the +0 pair of gloves of Words of Power {rElec rN++
                  | Regen+ Int-2} for 446 gold pieces
  5797 | Vaults:5 | Lost mutation: Your mind is very acute. (Int +8, Str/Dex
                  | -2) [Jiyva's grace]
  5797 | Vaults:5 | Lost mutation: You are almost entirely resistant to further
                  | mutation and mutation removal. [Jiyva's grace]
  5797 | Vaults:5 | Lost mutation: You are covered in fur. (AC +1) [Jiyva's
                  | grace]
  5797 | Vaults:5 | Lost mutation: Your muscles are very strong. (Str +8,
                  | Int/Dex -2) [Jiyva's grace]
  5797 | Vaults:5 | Lost mutation: You have a small jelly attached to you that
                  | senses nearby items. [Jiyva's grace]
  5797 | Vaults:5 | Gained mutation: You have acidic saliva. [Jiyva's grace]
  5797 | Vaults:5 | Gained mutation: Your muscles are very strong. (Str +8,
                  | Int/Dex -2) [Jiyva's grace]
  5797 | Vaults:5 | Gained mutation: You have a small jelly attached to you
                  | that senses nearby items. [Jiyva's grace]
  5797 | Vaults:5 | Gained mutation: You have an increased reservoir of magic.
                  | (+10% MP) [Jiyva's grace]
  5819 | Vaults:5 | Noticed a titan
  5824 | Vaults:5 | Killed a titan
  5831 | Vaults:5 | Noticed a titan
  5834 | Vaults:5 | Killed a titan
  5851 | Vaults:5 | Noticed a titan
  5855 | Vaults:5 | Sergey: can you clear hell and tomb with just summonings ?
  5857 | Vaults:5 | Killed a titan
  5869 | Vaults:5 | Found Migihuwk's Distillery.
  5869 | Vaults:5 | Found Ojuaxywk's Distillery.
  5874 | Vaults:5 | Bought a potion of brilliance for 48 gold pieces
  5874 | Vaults:5 | Bought 2 potions of lignification for 72 gold pieces
  5881 | Vaults:5 | Bought a potion of degeneration for 19 gold pieces
  5883 | Vaults:5 | Noticed an ancient lich
  5894 | Vaults:5 | Killed an ancient lich
  5951 | Vaults:5 | Noticed a quicksilver dragon
  5958 | Vaults:5 | Killed a quicksilver dragon
  6097 | Vaults:5 | Reached XP level 19. HP: 146/146 MP: 35/45
  6104 | Vaults:5 | Found Xirin's Magic Scroll Emporium.
  6112 | Vaults:5 | Reached skill level 10 in Shields
  6113 | Vaults:5 | Bought a scroll of summoning for 142 gold pieces
  6127 | Vaults:5 | Found Femm's Magic Scroll Shop.
  6131 | Vaults:5 | Bought a scroll of blinking for 75 gold pieces
  6131 | Vaults:5 | Bought a scroll of blinking for 75 gold pieces
  6131 | Vaults:5 | Bought a scroll of teleportation for 30 gold pieces
  6131 | Vaults:5 | Bought a scroll of teleportation for 30 gold pieces
  6131 | Vaults:5 | Bought a scroll of summoning for 95 gold pieces
  6161 | Vaults:5 | Got a shining gem with 2523 turns to spare
  6163 | Vaults:5 | Got a silver rune of Zot
  6171 | Vaults:5 | Found Paisken's Magic Scroll Shoppe.
  6175 | Vaults:5 | Bought a scroll of acquirement for 676 gold pieces
  6184 | Vaults:5 | Found Odun's Magic Scroll Shop.
  6190 | Vaults:5 | Bought a scroll of blinking for 157 gold pieces
  6190 | Vaults:5 | Bought a scroll of amnesia for 84 gold pieces
  6190 | Vaults:5 | Bought a scroll of enchant armour for 157 gold pieces
  6352 | D:15     | Found the +1 cloak of Starlight {*Dazzle EV+4 Stlth--}
  6610 | D:15     | Found a staircase to the Depths.
  6617 | D:15     | Got a smoky gem with 6573 turns to spare
  6620 | Depths:1 | Entered Level 1 of the Depths
  6662 | Depths:1 | Reached skill level 15 in Ice Magic
  6691 | Depths:1 | Found a basalt altar of Yredelemnul.
  6718 | Depths:1 | Found a magical portal.
  6728 | WizLab   | Entered Tukima's Studio
  6765 | WizLab   | Noticed a walking crystal tome
  6772 | WizLab   | Killed a walking crystal tome
  6800 | WizLab   | Identified the +0 pair of gloves "Wuineecoedui" {rF++
                  | Str+3}
  6802 | WizLab   | Got the Encyclopedia of the Fairies
  6809 | WizLab   | Learned a level 5 spell: Irradiate
  6811 | WizLab   | Noticed Sapher's illusion
  6816 | WizLab   | Identified the +9 hand cannon "Reymixt" {penet, MP+9}
  6844 | WizLab   | Learned a level 8 spell: Ignition
  6957 | Depths:1 | Lost mutation: You have a pair of small horns on your head.
                  | [Jiyva's grace]
  6957 | Depths:1 | Lost mutation: You have a small jelly attached to you that
                  | senses nearby items. [Jiyva's grace]
  6957 | Depths:1 | Lost mutation: You have a small jelly attached to you that
                  | may absorb projectiles. [Jiyva's grace]
  6957 | Depths:1 | Gained mutation: You are resistant to electric shocks.
                  | (rElec) [Jiyva's grace]
  6957 | Depths:1 | Gained mutation: You are robust. (+10% HP) [Jiyva's grace]
  6957 | Depths:1 | Gained mutation: You are very robust. (+20% HP) [Jiyva's
                  | grace]
  6957 | Depths:1 | Gained mutation: You are extremely robust. (+30% HP)
                  | [Jiyva's grace]
  7018 | Depths:1 | Noticed a hellephant
  7019 | Depths:1 | Found a gateway to Hell.
  7022 | Depths:1 | Noticed a hellephant
  7035 | Depths:1 | Killed a hellephant
  7036 | Depths:1 | Reached XP level 20. HP: 145/198 MP: 31/46
  7038 | Depths:1 | Killed a hellephant
  7059 | Depths:1 | Found a one-way gateway to a ziggurat.
  7082 | Zig:1    | Entered Level 1 of a ziggurat
  7082 | Zig:1    | Noticed a doom hound
  7088 | Zig:1    | Killed a doom hound
  7092 | Zig:2    | Entered Level 2 of a ziggurat
  7092 | Zig:2    | Noticed Xoh Hae the pandemonium lord
  7101 | Zig:2    | Killed Xoh Hae the pandemonium lord
  7115 | Zig:3    | Entered Level 3 of a ziggurat
  7130 | Zig:3    | Identified the staff "Qyuzuf" {Fly rPois Hexes Summ
                  | Alchemy}
  7144 | Zig:4    | Entered Level 4 of a ziggurat
  7175 | Zig:5    | Entered Level 5 of a ziggurat
  7213 | Zig:5    | Got Ajaolev's Thoughts on Conjured Bewitchment
  7214 | Zig:5    | Identified the +4 whip of Xaiciar {drain, rN+ Will+ Int+3}
  7218 | Zig:5    | Lost mutation: You have an increased reservoir of magic.
                  | (+10% MP) [mutagenic glow]
  7219 | Zig:5    | Reached skill level 15 in Fire Magic
  7236 | Zig:5    | Learned a level 9 spell: Dragon's Call
  7245 | Zig:6    | Entered Level 6 of a ziggurat
  7254 | Zig:6    | pedritolo: Sapher you beautiful lunatic, what are you doing
                  | in a zig at turn 8k?
  7254 | Zig:6    | pedritolo: (rethorical question)
  7256 | Zig:6    | Found the macabre finger necklace {Finger+ rN+}
  7278 | Zig:7    | Entered Level 7 of a ziggurat
  7298 | Zig:7    | Reached XP level 21. HP: 204/206 MP: 43/43
  7300 | Zig:7    | Reached XP level 22. HP: 214/214 MP: 44/44
  7316 | Zig:8    | Entered Level 8 of a ziggurat
  7321 | Zig:8    | Noticed a caustic shrike
  7322 | Zig:8    | Noticed an ancient lich
  7330 | Zig:8    | Slimified a caustic shrike
  7330 | Zig:8    | a caustic shrike changed into an azure jelly
  7344 | Zig:8    | Killed an ancient lich
  7372 | Zig:8    | Got the Directory of the Ill-fated Tundra
  7376 | Zig:9    | Entered Level 9 of a ziggurat
  7385 | Zig:9    | Gained mutation: Potions are less effective at restoring
                  | your health. [mutagenic glow]
  7392 | Zig:9    | Lost mutation: You are extremely robust. (+30% HP)
                  | [mutagenic glow]
  7402 | Zig:9    | Identified the ring "Sipueb" {Wiz rC+ Dex+5}
  7435 | Zig:10   | Entered Level 10 of a ziggurat
  7444 | Zig:10   | Noticed a golden dragon
  7453 | Zig:10   | Killed a golden dragon
  7458 | Zig:10   | Identified the +2 pair of boots of Alu Tycwit {Rampage
                  | rF++}
  7458 | Zig:10   | Identified the +1 pair of gloves of Dithmenos's Hope {rPois
                  | Str+2 Int+3}
  7461 | Zig:10   | Reached XP level 23. HP: 182/205 MP: 19/45
  7494 | Zig:11   | Entered Level 11 of a ziggurat
  7514 | Zig:11   | Got the Quarto of the Displaced Panacea
  7518 | Zig:11   | Acquired a book of Ice
  7530 | Zig:11   | Learned a level 9 spell: Polar Vortex
  7542 | Zig:12   | Entered Level 12 of a ziggurat
  7550 | Zig:12   | Found the +1 robe of Vines {NoPotionHeal Regen++++}
  7551 | Zig:12   | Noticed a golden dragon
  7555 | Zig:12   | Reached XP level 24. HP: 169/213 MP: 45/45
  7564 | Zig:12   | Identified the +5 mace of Integrity {flame, Fly}
  7569 | Zig:12   | Identified the staff "Ruaqogy" {rElec rPois rN+ Str+3
                  | Alchemy}
  7579 | Zig:13   | Entered Level 13 of a ziggurat
  7630 | Zig:14   | Entered Level 14 of a ziggurat
  7635 | Zig:14   | Noticed a caustic shrike
  7636 | Zig:14   | Noticed a caustic shrike
  7638 | Zig:14   | Noticed a caustic shrike
  7646 | Zig:14   | Killed a caustic shrike
  7647 | Zig:14   | Killed a caustic shrike
  7652 | Zig:14   | Killed a caustic shrike
  7671 | Zig:14   | Identified the +6 falchion "Moniomy" {drain, ^Fragile rC+
                  | rN+}
  7688 | Zig:15   | Entered Level 15 of a ziggurat
  7699 | Zig:15   | Noticed a dread lich
  7699 | Zig:15   | Noticed an ancient lich
  7701 | Zig:15   | Noticed a dread lich
  7703 | Zig:15   | Noticed a dread lich
  7704 | Zig:15   | Killed a dread lich
  7704 | Zig:15   | Killed an ancient lich
  7704 | Zig:15   | Noticed a dread lich
  7705 | Zig:15   | Killed a dread lich
  7709 | Zig:15   | Found the +5 Storm Queen's Shield {shock, Fly rElec}
  7711 | Zig:15   | Killed a dread lich
  7711 | Zig:15   | Killed a dread lich
  7724 | Zig:15   | Identified the +5 short sword of Slime {protect, rF+ rCorr
                  | Int+3}
  7744 | Zig:16   | Entered Level 16 of a ziggurat
  7752 | Zig:16   | Noticed an ancient lich
  7760 | Zig:16   | Noticed an ancient lich
  7762 | Zig:16   | Noticed a dread lich
  7763 | Zig:16   | Killed an ancient lich
  7764 | Zig:16   | Killed an ancient lich
  7766 | Zig:16   | Killed a dread lich
  7768 | Zig:16   | Killed a dread lich
  7768 | Zig:16   | Noticed a dread lich
  7771 | Zig:16   | Killed a dread lich
  7772 | Zig:16   | Reached XP level 25. HP: 220/220 MP: 5/47
  7790 | Zig:16   | Identified the staff "Newtbane" {rElec Str+3 Air}
  7792 | Zig:16   | Identified the +8 mace "Baxug" {freeze, Dex+6}
  7794 | Zig:16   | Identified the +4 spear "Hipiris" {elec, Str+6}
  7796 | Zig:16   | Identified the ring "Xaha" {Fire Int+2 Slay+2}
  7812 | Zig:17   | Entered Level 17 of a ziggurat
  7828 | Zig:17   | Noticed an orb of fire
  7830 | Zig:17   | Noticed an orb of fire
  7830 | Zig:17   | Noticed an orb of fire
  7835 | Zig:17   | Killed an orb of fire
  7835 | Zig:17   | Lost mutation: You are somewhat resistant to both further
                  | mutation and mutation removal. [an orb of fire]
  7835 | Zig:17   | Lost mutation: Your muscles are very strong. (Str +8,
                  | Int/Dex -2) [an orb of fire]
  7836 | Zig:17   | Killed an orb of fire
  7836 | Zig:17   | Killed an orb of fire
  7846 | Zig:17   | Reached XP level 26. HP: 226/229 MP: 34/48
  7848 | Zig:17   | Identified the ring of Qemudwy {Wiz rElec}
  7858 | Zig:17   | Learned a level 4 spell: Passage of Golubria
  7870 | Zig:18   | Entered Level 18 of a ziggurat
  7884 | Zig:18   | Reached skill level 1 in Shapeshifting
  7896 | Zig:18   | Reached skill level 5 in Earth Magic
  7902 | Zig:18   | Identified the +5 flail "Busom" {chaos, *Rage rN+++ rCorr
                  | Str+2}
  7903 | Zig:18   | Identified the +1 hand axe of Hard Scrabble {heavy, +Blink
                  | rPois rF+}
  7915 | Zig:19   | Entered Level 19 of a ziggurat
  7924 | Zig:19   | Noticed a Killer Klown
  7924 | Zig:19   | Noticed a Killer Klown
  7924 | Zig:19   | Noticed Efager the pandemonium lord
  7924 | Zig:19   | Noticed a Killer Klown
  7924 | Zig:19   | Noticed Muta the pandemonium lord
  7924 | Zig:19   | Noticed a Killer Klown
  7924 | Zig:19   | Noticed Cuolupt the pandemonium lord
  7924 | Zig:19   | Noticed Kaicari the pandemonium lord
  7924 | Zig:19   | Noticed Parhalod the pandemonium lord
  7924 | Zig:19   | Noticed Leadd the pandemonium lord
  7924 | Zig:19   | Noticed a Killer Klown
  7924 | Zig:19   | Noticed Ejesh the pandemonium lord
  7924 | Zig:19   | Noticed Onnug the pandemonium lord
  7924 | Zig:19   | Noticed Zaciz the pandemonium lord
  7944 | Zig:19   | Killed a Killer Klown
  7945 | Zig:19   | Killed a Killer Klown
  7945 | Zig:19   | Killed a Killer Klown
  7946 | Zig:19   | Killed Cuolupt the pandemonium lord
  7949 | Zig:19   | Killed Ejesh the pandemonium lord
  7952 | Zig:19   | Killed Onnug the pandemonium lord
  7954 | Zig:19   | Killed a Killer Klown
  7954 | Zig:19   | Killed Efager the pandemonium lord
  7956 | Zig:19   | Killed Muta the pandemonium lord
  7957 | Zig:19   | Killed Parhalod the pandemonium lord
  7957 | Zig:19   | Killed Zaciz the pandemonium lord
  7957 | Zig:19   | Killed Leadd the pandemonium lord
  7963 | Zig:19   | Killed a Killer Klown
  7968 | Zig:19   | Killed Kaicari the pandemonium lord
  7977 | Zig:19   | Identified the ring of Kaulleot {rCorr Int+6}
  8003 | Zig:20   | Entered Level 20 of a ziggurat
  8021 | Zig:20   | Reached XP level 27. HP: 236/236 MP: 48/48
  8023 | Zig:20   | Identified the +0 robe of Generosity {rElec}
  8026 | Zig:20   | Identified the amulet of Motal {Spirit Int+5}
  8030 | Zig:20   | Reached skill level 10 in Earth Magic
  8031 | Zig:20   | Identified the +11 rapier "Merood" {pain, *Rage rPois Int+9
                  | Dex-5}
  8034 | Zig:20   | Got the Volume of the Hazy Door
  8040 | Zig:21   | Entered Level 21 of a ziggurat
  8060 | Zig:21   | Was placed under penance by Jiyva
  8063 | Zig:21   | Reached skill level 10 in Translocations
  8081 | Zig:21   | Identified the +1 robe of Experimentation {rElec rPois rF++
                  | Str-5}
  8166 | Zig:22   | Entered Level 22 of a ziggurat
  8188 | Zig:22   | Paralysed by accursed screaming for 2 turns
  8234 | Zig:22   | Paralysed by accursed screaming for 1 turns
  8270 | Zig:22   | Learned a level 9 spell: Shatter
  8274 | Zig:22   | Got the Commentary on the Forceful Serac
  8276 | Zig:22   | Identified the +0 orcbow "Efinwi" {freeze, rF+ Int+2 Dex+3
                  | Stlth+}
  8288 | Zig:22   | Identified the +1 demon whip of the Ninety-Nine Songs
                  | {freeze, Dex+2}
  8334 | Zig:23   | Entered Level 23 of a ziggurat
  8352 | Zig:23   | Noticed a royal mummy
  8352 | Zig:23   | Noticed a royal mummy
  8360 | Zig:23   | Noticed a royal mummy
  8360 | Zig:23   | Noticed a royal mummy
  8360 | Zig:23   | Killed a royal mummy
  8360 | Zig:23   | Noticed a royal mummy
  8361 | Zig:23   | Noticed a royal mummy
  8361 | Zig:23   | Noticed a royal mummy
  8362 | Zig:23   | Killed a royal mummy
  8363 | Zig:23   | Noticed a royal mummy
  8363 | Zig:23   | Noticed a royal mummy
  8364 | Zig:23   | Noticed a royal mummy
  8366 | Zig:23   | Killed a royal mummy
  8367 | Zig:23   | Noticed a royal mummy
  8369 | Zig:23   | Killed a royal mummy
  8370 | Zig:23   | Killed a royal mummy
  8370 | Zig:23   | Noticed a royal mummy
  8371 | Zig:23   | Killed a royal mummy
  8371 | Zig:23   | Killed a royal mummy
  8373 | Zig:23   | Reached skill level 15 in Earth Magic
  8373 | Zig:23   | Killed a royal mummy
  8373 | Zig:23   | Killed a royal mummy
  8373 | Zig:23   | Killed a royal mummy
  8380 | Zig:23   | Killed a royal mummy
  8381 | Zig:23   | Killed a royal mummy
  8391 | Zig:23   | Was forgiven by Jiyva
  8400 | Zig:23   | Identified the amulet "Gyud" {Reflect rElec rPois Int-4
                  | Dex-4 SH+5}
  8402 | Zig:23   | Identified the +8 dagger "Cyah" {spect, Fly Will+}
  8403 | Zig:23   | Identified the +11 arbalest "Ximiesig" {drain, *Corrode rN+
                  | Str+6}
  8405 | Zig:23   | Identified the amulet "Neocw" {Reflect rF+ Int+2 SH+5}
  8407 | Zig:23   | Got the Papyrus of Hyperbolic Production
  8408 | Zig:23   | Identified the ring of Symmetry {Fire Will+ Int+9}
  8496 | Vaults:2 | Lost mutation: You are completely covered in iridescent
                  | scales. (AC +6) [Jiyva's grace]
  8496 | Vaults:2 | Lost mutation: You are somewhat resistant to further
                  | mutation. [Jiyva's grace]
  8496 | Vaults:2 | Lost mutation: You have acidic saliva. [Jiyva's grace]
  8496 | Vaults:2 | Lost mutation: Potions are less effective at restoring your
                  | health. [Jiyva's grace]
  8496 | Vaults:2 | Gained mutation: Your body has grown eyes which may confuse
                  | attackers. (Acc +3) [Jiyva's grace]
  8496 | Vaults:2 | Gained mutation: Your body has grown many eyes which may
                  | confuse attackers. (Acc +5) [Jiyva's grace]
  8496 | Vaults:2 | Gained mutation: Your body is covered in eyes which may
                  | confuse attackers. (Acc +7, SInv) [Jiyva's grace]
  8496 | Vaults:2 | Gained mutation: You have acidic saliva. [Jiyva's grace]
  8511 | Vaults:2 | Identified the +2 pair of gloves of Plog {Harm Will-
                  | Slay+3}
  8519 | Vaults:2 | Found a staircase to the Crypt.
  8527 | Crypt:1  | Entered Level 1 of the Crypt
  8542 | Crypt:1  | Noticed Zenata
  8547 | Crypt:1  | Killed Zenata
  8567 | Crypt:3  | Entered Level 3 of the Crypt
  8572 | Crypt:3  | Noticed Xtahua
  8583 | Crypt:3  | Killed Xtahua
  8613 | Crypt:3  | Found a basalt altar of Yredelemnul.
  8634 | Crypt:3  | Identified the staff of the Lair of Beasts {rPois rN+ Str+5
                  | Int-5 Necro Fire}
  8635 | Crypt:3  | Identified the staff of Qazlal's Vengeance {*Corrode rN+
                  | Dex+2 Stlth+ Conj Necro}
  8637 | Crypt:3  | Got an ivory gem with 1673 turns to spare
  8726 | Crypt:3  | Found a staircase to the Tomb.
  8731 | Tomb:1   | Entered Level 1 of the Tomb of the Ancients
  8768 | Tomb:1   | Noticed a royal mummy
  8768 | Tomb:1   | Noticed a royal mummy
  8770 | Tomb:1   | Noticed a royal mummy
  8770 | Tomb:1   | Noticed a royal mummy
  8775 | Tomb:1   | Noticed a royal mummy
  8775 | Tomb:1   | Noticed a royal mummy
  8775 | Tomb:1   | Noticed a royal mummy
  8775 | Tomb:1   | Noticed a royal mummy
  8777 | Tomb:1   | Noticed a royal mummy
  8778 | Tomb:1   | Noticed a royal mummy
  8778 | Tomb:1   | Killed a royal mummy
  8778 | Tomb:1   | Noticed a royal mummy
  8778 | Tomb:1   | Noticed a royal mummy
  8779 | Tomb:1   | Killed a royal mummy
  8779 | Tomb:1   | Noticed a royal mummy
  8780 | Tomb:1   | Killed a royal mummy
  8780 | Tomb:1   | Killed a royal mummy
  8780 | Tomb:1   | Killed a royal mummy
  8781 | Tomb:1   | Killed a royal mummy
  8781 | Tomb:1   | Killed a royal mummy
  8781 | Tomb:1   | Killed a royal mummy
  8781 | Tomb:1   | Killed a royal mummy
  8781 | Tomb:1   | Noticed a royal mummy
  8783 | Tomb:1   | Noticed a royal mummy
  8783 | Tomb:1   | Noticed a royal mummy
  8785 | Tomb:1   | Killed a royal mummy
  8786 | Tomb:1   | Killed a royal mummy
  8786 | Tomb:1   | Killed a royal mummy
  8786 | Tomb:1   | Killed a royal mummy
  8786 | Tomb:1   | Killed a royal mummy
  8792 | Tomb:1   | Killed a royal mummy
  8792 | Tomb:1   | Killed a royal mummy
  8795 | Tomb:1   | Noticed a royal mummy
  8810 | Tomb:1   | Killed a royal mummy
  8832 | Tomb:1   | Noticed a royal mummy
  8844 | Tomb:1   | Killed a royal mummy
  8858 | Tomb:2   | Noticed Khufu
  8858 | Tomb:2   | Noticed a royal mummy
  8858 | Tomb:2   | Noticed a royal mummy
  8858 | Tomb:2   | Noticed a royal mummy
  8860 | Tomb:2   | Noticed a royal mummy
  8861 | Tomb:2   | Noticed a royal mummy
  8861 | Tomb:2   | Noticed a royal mummy
  8861 | Tomb:2   | Noticed a royal mummy
  8863 | Tomb:2   | Killed a royal mummy
  8863 | Tomb:2   | Killed a royal mummy
  8863 | Tomb:2   | Killed Khufu
  8863 | Tomb:2   | Killed a royal mummy
  8863 | Tomb:2   | Noticed a royal mummy
  8864 | Tomb:2   | Killed a royal mummy
  8864 | Tomb:2   | Killed a royal mummy
  8866 | Tomb:2   | Killed a royal mummy
  8866 | Tomb:2   | Killed a royal mummy
  8868 | Tomb:2   | Killed a royal mummy
  8897 | Tomb:2   | Was placed under penance by Jiyva
  9013 | Tomb:3   | Entered Level 3 of the Tomb of the Ancients
  9023 | Tomb:3   | Gained mutation: Your magical capacity is low. (-10% MP)
                  | [the all-consuming vengeance of Jiyva]
  9023 | Tomb:3   | Lost mutation: Your mind is acute. (Int +4, Str/Dex -1)
                  | [the all-consuming vengeance of Jiyva]
  9033 | Tomb:3   | Noticed a royal mummy
  9034 | Tomb:3   | Noticed a royal mummy
  9035 | Tomb:3   | Noticed a royal mummy
  9040 | Tomb:3   | Killed a royal mummy
  9041 | Tomb:3   | Noticed a royal mummy
  9041 | Tomb:3   | Noticed a royal mummy
  9041 | Tomb:3   | Noticed a royal mummy
  9041 | Tomb:3   | Noticed a royal mummy
  9043 | Tomb:3   | Killed a royal mummy
  9043 | Tomb:3   | Killed a royal mummy
  9043 | Tomb:3   | Killed a royal mummy
  9043 | Tomb:3   | Noticed a royal mummy
  9046 | Tomb:3   | Killed a royal mummy
  9047 | Tomb:3   | Killed a royal mummy
  9048 | Tomb:3   | Killed a royal mummy
  9049 | Tomb:3   | Killed a royal mummy
  9056 | Tomb:3   | Identified the staff of Rotation {rElec Int+2 Air}
  9057 | Tomb:3   | Noticed a royal mummy
  9070 | Tomb:3   | Got a sanguine gem with 1261 turns to spare
  9072 | Tomb:3   | Got a golden rune of Zot
  9089 | Tomb:3   | Found the +6 lightning scales {swift, rElec}
  9096 | Tomb:3   | Identified the +0 pair of boots of Daex {Rampage rPois
                  | Str+3}
  9098 | Tomb:3   | Identified the +0 pair of gloves of Philately {Will++}
  9099 | Tomb:3   | Identified the ring of Hun Zim {Wiz rC+ Int+3}
  9100 | Tomb:3   | Identified the staff of Youthful Indiscretion {rElec rPois
                  | Alchemy}
  9102 | Tomb:3   | Identified the staff of Infection {rF+ rCorr Fire}
  9103 | Tomb:3   | Identified the staff of the Valley {rF+ rN++ Fire}
  9189 | Zig:1    | Entered Level 1 of a ziggurat
  9202 | Zig:2    | Entered Level 2 of a ziggurat
  9219 | Zig:3    | Entered Level 3 of a ziggurat
  9237 | Zig:4    | Entered Level 4 of a ziggurat
  9237 | Zig:4    | Was forgiven by Jiyva
  9253 | Zig:5    | Entered Level 5 of a ziggurat
  9259 | Zig:5    | Reached skill level 5 in Shapeshifting
  9262 | Zig:5    | Identified the amulet of Vamiycw {Acrobat ^Drain rCorr SInv
                  | Stlth+}
  9265 | Zig:6    | Entered Level 6 of a ziggurat
  9265 | Zig:6    | Lost mutation: You are mostly covered in iridescent scales.
                  | (AC +4) [Jiyva's grace]
  9265 | Zig:6    | Lost mutation: You are resistant to electric shocks.
                  | (rElec) [Jiyva's grace]
  9265 | Zig:6    | Lost mutation: Your body is covered in eyes which may
                  | confuse attackers. (Acc +7, SInv) [Jiyva's grace]
  9265 | Zig:6    | Lost mutation: Your melee attacks may engulf your foes in
                  | ooze. [Jiyva's grace]
  9265 | Zig:6    | Gained mutation: You possess an exceptional clarity of
                  | mind. [Jiyva's grace]
  9265 | Zig:6    | Gained mutation: You are agile. (Dex +4, Str/Int -1)
                  | [Jiyva's grace]
  9265 | Zig:6    | Gained mutation: You are very agile. (Dex +8, Str/Int -2)
                  | [Jiyva's grace]
  9265 | Zig:6    | Gained mutation: You are covered in slimy tendrils that may
                  | disarm your opponents. [Jiyva's grace]
  9296 | Zig:6    | Identified the +4 falchion "Ixtoxzyeddi" {vamp, Str+3}
  9305 | Zig:7    | Entered Level 7 of a ziggurat
  9306 | Zig:7    | Noticed an ancient lich
  9311 | Zig:7    | Killed an ancient lich
  9316 | Zig:7    | Reached skill level 10 in Shapeshifting
  9321 | Zig:8    | Entered Level 8 of a ziggurat
  9324 | Zig:8    | Found the ring of the Mage {Wiz Archmagi}
  9337 | Zig:9    | Entered Level 9 of a ziggurat
  9361 | Zig:10   | Entered Level 10 of a ziggurat
  9376 | Zig:11   | Entered Level 11 of a ziggurat
  9378 | Zig:11   | Noticed an orb of fire
  9380 | Zig:11   | Noticed an orb of fire
  9381 | Zig:11   | Found the +27 heavy crossbow "Sniper" {heavy, Acc+∞ SInv}
  9384 | Zig:11   | Killed an orb of fire
  9388 | Zig:11   | Killed an orb of fire
  9395 | Zig:11   | Identified the ring of Fiegho Oguun {rC+ Dex+7}
  9397 | Zig:11   | Identified the staff "Tiuzah" {rPois Int+3 Alchemy}
  9399 | Zig:11   | Identified the +6 leather armour "Kapech" {Str+2 Dex+6
                  | Slay+2}
  9400 | Zig:11   | Identified the +2 leather armour of a Million Ultimatums
                  | {rC+ rN++}
  9412 | Zig:12   | Entered Level 12 of a ziggurat
  9414 | Zig:12   | Found the +11 plutonium sword {^Contam Stlth-}
  9428 | Zig:12   | Identified the storm talisman of Going Fast {Int+3}
  9432 | Zig:12   | Identified the +5 sling of Waplalip {drain, +Blink rElec
                  | rPois Will-}
  9440 | Zig:13   | Entered Level 13 of a ziggurat
  9445 | Zig:13   | Reached skill level 15 in Shapeshifting
  9460 | Zig:14   | Entered Level 14 of a ziggurat
  9465 | Zig:14   | Noticed Fisoent the pandemonium lord
  9469 | Zig:14   | Killed Fisoent the pandemonium lord
  9474 | Zig:14   | Identified the +0 robe "Rufaeh" {Str+5 Dex-4}
  9476 | Zig:14   | Identified the +1 pair of gloves "Xopi" {rC+}
  9485 | Zig:14   | Learned a level 2 spell: Sublimation of Blood
  9486 | Zig:14   | Identified the ring of Ixefuaq {Fly rCorr Str+4 Int+6}
  9491 | Zig:14   | Identified the +1 falchion of Awkwardness {flame, Stlth+}
  9493 | Zig:15   | Entered Level 15 of a ziggurat
  9496 | Zig:15   | Noticed an ancient lich
  9496 | Zig:15   | Noticed a dread lich
  9497 | Zig:15   | Noticed a dread lich
  9498 | Zig:15   | Killed an ancient lich
  9498 | Zig:15   | Killed a dread lich
  9500 | Zig:15   | Reached skill level 15 in Shields
  9500 | Zig:15   | Killed a dread lich
  9514 | Zig:15   | EnegeticOcto: I heard this char is crazy good so had to
                  | come and see :) Are you going to try AtCj?
  9519 | Zig:15   | Identified the +2 hand cannon of the Grim God {freeze,
                  | Dex+4}
  9520 | Zig:15   | Sapher: sure atcj is strong
  9523 | Zig:15   | Got the Grimoire of Solid Electricity
  9523 | Zig:15   | Got the Guidebook on Breezy Resurrection
  9524 | Zig:15   | Sapher: don't know if i want to do more zigs...
  9524 | Zig:15   | Sapher: all i need is death form
  9524 | Zig:15   | Sapher: will decide later
  9529 | Tomb:1   | Noticed a royal mummy
  9690 | Depths:1 | You fall into a shaft and drop 1 floor!
  9714 | Depths:2 | Found a one-way gate leading to the halls of Pandemonium.
  9722 | Pan      | Entered Pandemonium
  9763 | Pan      | Acquired 917 gold pieces
  9769 | Pan      | Noticed Joso the pandemonium lord
  9775 | Pan      | Killed Joso the pandemonium lord
  9778 | Pan      | Reached skill level 15 in Fighting
  9786 | Pan      | Got a demonic rune of Zot
  9832 | Pan      | Lost mutation: Your magical capacity is low. (-10% MP)
                  | [Jiyva's grace]
  9832 | Pan      | Lost mutation: Your muscles are strong. (Str +4, Int/Dex
                  | -1) [Jiyva's grace]
  9832 | Pan      | Lost mutation: You are covered in slimy tendrils that may
                  | disarm your opponents. [Jiyva's grace]
  9832 | Pan      | Lost mutation: You expend magic power (3 MP) to strengthen
                  | your wands. [Jiyva's grace]
  9832 | Pan      | Gained mutation: Your muscles are strong. (Str +4, Int/Dex
                  | -1) [Jiyva's grace]
  9832 | Pan      | Gained mutation: Your muscles are very strong. (Str +8,
                  | Int/Dex -2) [Jiyva's grace]
  9832 | Pan      | Gained mutation: Your flesh is cold resistant. (rC+)
                  | [Jiyva's grace]
  9832 | Pan      | Gained mutation: Your flesh is very cold resistant. (rC++)
                  | [Jiyva's grace]
  9840 | Pan      | Noticed Voockimn the pandemonium lord
  9847 | Pan      | Killed Voockimn the pandemonium lord
  9884 | Pan      | Entered the realm of Gloorx Vloq.
  9896 | Pan      | Noticed Gloorx Vloq
  9907 | Pan      | Killed Gloorx Vloq
  9916 | Pan      | Got a dark rune of Zot
  9950 | Pan      | Entered the realm of Cerebov.
  9965 | Pan      | Found an exit through the horrors of the Abyss.
  9980 | Pan      | Learned a level 5 spell: Borgnjor's Vile Clutch
 10013 | Pan      | Identified the staff "Goblinslayer" {rCorr Str-5 Conj Fire
                  | Air}
 10026 | Pan      | Found the +6 sword of Cerebov {flame}
 10026 | Pan      | Noticed Cerebov
 10032 | Pan      | Sapher: time to drown
 10033 | Pan      | Was placed under penance by Jiyva
 10055 | Pan      | Got a fiery rune of Zot
 10056 | Pan      | Identified the staff of Might {^Drain rN+ Str-5 Dex+7 Necro
                  | Ice}
 10057 | Pan      | Identified the +6 whip of Sulphur {speed, Str+5}
 10079 | Pan      | Killed Cerebov
 10084 | Pan      | Identified the staff of Hijil {rPois rF+ rN+ Fire}
 10085 | Pan      | Identified the +6 flail of the Foremost Knaves {flame,
                  | +Blink rCorr MP+9 SInv Stlth+}
 10086 | Pan      | Identified the staff of Inconvenience {rF- rCorr Str+5
                  | Int+2 Conj}
 10129 | Pan      | Was forgiven by Jiyva
 10185 | Pan      | Noticed Iqoej the pandemonium lord
 10188 | Pan      | Killed Iqoej the pandemonium lord
 10253 | Pan      | Found an exit through the horrors of the Abyss.
 10290 | Pan      | Noticed Foonumox the pandemonium lord
 10292 | Pan      | Killed Foonumox the pandemonium lord
 10336 | Pan      | Noticed Romn the pandemonium lord
 10340 | Pan      | Killed Romn the pandemonium lord
 10418 | Pan      | Found a transporter.
 10431 | Pan      | Identified the amulet of Samytt {Acrobat rC+ Dex+2}
 10435 | Pan      | Identified the ring "Kustreuli" {rPois Str+4 Dex+2 Slay+2}
 10448 | Pan      | Found an exit through the horrors of the Abyss.
 10454 | Pan      | Lost mutation: You possess an exceptional clarity of mind.
                  | [Jiyva's grace]
 10454 | Pan      | Lost mutation: You are very robust. (+20% HP) [Jiyva's
                  | grace]
 10454 | Pan      | Lost mutation: Your muscles are very strong. (Str +8,
                  | Int/Dex -2) [Jiyva's grace]
 10454 | Pan      | Gained mutation: You have sharp fingernails. [Jiyva's
                  | grace]
 10454 | Pan      | Gained mutation: You have very sharp fingernails. [Jiyva's
                  | grace]
 10454 | Pan      | Gained mutation: You have claws for hands. [Jiyva's grace]
 10454 | Pan      | Gained mutation: You have sharp toenails. [Jiyva's grace]
 10476 | Pan      | Found a huge runed translucent gate.
 10479 | Pan      | Noticed Athru the pandemonium lord
 10482 | Pan      | Killed Athru the pandemonium lord
 10483 | Pan      | Found a huge runed translucent gate.
 10484 | Pan      | Found a huge runed translucent gate.
 10484 | Pan      | Found a huge runed translucent gate.
 10484 | Pan      | Found a huge runed translucent gate.
 10499 | Pan      | Entered the realm of Lom Lobon.
 10513 | Pan      | Got a magical rune of Zot
 10551 | Pan      | Noticed Ethos the pandemonium lord
 10553 | Pan      | Killed Ethos the pandemonium lord
 10554 | Pan      | Reached skill level 10 in Armour
 10620 | Pan      | Noticed Fuomad the pandemonium lord
 10623 | Pan      | Killed Fuomad the pandemonium lord
 10669 | Pan      | Entered the realm of Mnoleg.
 10690 | Pan      | Reached skill level 10 in Dodging
 10710 | Pan      | Noticed Mnoleg
 10737 | Pan      | Killed Mnoleg
 10758 | Pan      | Got a glowing rune of Zot
 10791 | Pan      | Gained mutation: Potions are less effective at restoring
                  | your health. [a neqoxec]
 10801 | Pan      | Gained mutation: You are vulnerable to heat. (rF-) [a
                  | cacodemon]
 10807 | Pan      | Found an exit through the horrors of the Abyss.
 10814 | Pan      | Took an exit into the Abyss.
 10814 | Abyss:1  | Escaped into the Abyss
 10836 | Abyss:3  | Lost mutation: You are vulnerable to heat. (rF-) [mutagenic
                  | glow]
 10847 | Abyss:3  | Gained mutation: You occasionally lose the ability to read
                  | scrolls when taking damage. [mutagenic glow]
 10860 | Abyss:4  | Gained mutation: You sometimes lose the ability to read
                  | scrolls when taking damage. [mutagenic glow]
 10864 | Abyss:4  | Was placed under penance by Jiyva
 10868 | Abyss:4  | Found a hazy altar of Hepliaklqana.
 10874 | Abyss:4  | Got an abyssal rune of Zot
 10886 | Abyss:4  | Gained mutation: You are dopey. (Int -2) [mutagenic glow]
 10896 | Abyss:4  | Gained mutation: You are vulnerable to heat. (rF-)
                  | [mutagenic glow]
 10917 | Abyss:4  | Was forgiven by Jiyva
 10926 | Abyss:4  | Lost mutation: You have claws for hands. [Jiyva's grace]
 10926 | Abyss:4  | Lost mutation: You have very sharp fingernails. [Jiyva's
                  | grace]
 10926 | Abyss:4  | Lost mutation: You are very agile. (Dex +8, Str/Int -2)
                  | [Jiyva's grace]
 10926 | Abyss:4  | Lost mutation: Your flesh is very cold resistant. (rC++)
                  | [Jiyva's grace]
 10926 | Abyss:4  | Lost mutation: Your body has grown many eyes which may
                  | confuse attackers. (Acc +5) [Jiyva's grace]
 10926 | Abyss:4  | Gained mutation: You are somewhat resistant to further
                  | mutation. [Jiyva's grace]
 10926 | Abyss:4  | Gained mutation: You are somewhat resistant to both further
                  | mutation and mutation removal. [Jiyva's grace]
 10926 | Abyss:4  | Gained mutation: You are almost entirely resistant to
                  | further mutation and mutation removal. [Jiyva's grace]
 10926 | Abyss:4  | Gained mutation: You are very agile. (Dex +8, Str/Int -2)
                  | [Jiyva's grace]
 10940 | Abyss:4  | Found a corrupted altar of Lugonu.
 10991 | Depths:2 | Escaped the Abyss
 11021 | Hell     | Entered the Vestibule of Hell
 11021 | Hell     | Noticed Geryon
 11034 | Hell     | Killed Geryon
 11045 | Hell     | Found a gateway to the ashen valley of Gehenna.
 11060 | Geh:1    | Entered Level 1 of Gehenna
 11143 | Geh:3    | Noticed an ancient lich
 11146 | Geh:3    | Killed an ancient lich
 11252 | Geh:7    | Entered Level 7 of Gehenna
 11302 | Geh:7    | Reached skill level 27 in Spellcasting
 11372 | Geh:7    | Found the +13 sceptre of Asmodeus
 11372 | Geh:7    | Noticed Asmodeus
 11379 | Geh:7    | Got an obsidian rune of Zot
 11439 | Hell     | Found a gateway to the Iron City of Dis.
 11445 | Dis:1    | Entered Level 1 of the Iron City of Dis
 11458 | Dis:1    | Learned a level 6 spell: Bombard
 11523 | Dis:3    | Reached skill level 10 in Evocations
 11562 | Dis:4    | Was placed under penance by Jiyva
 11567 | Dis:4    | Lost mutation: You are very agile. (Dex +8, Str/Int -2)
                  | [mutagenic glow]
 11649 | Dis:5    | Reached skill level 15 in Evocations
 11736 | Dis:7    | Entered Level 7 of the Iron City of Dis
 11743 | Dis:7    | Was forgiven by Jiyva
 11751 | Dis:7    | Lost mutation: You have sharp fingernails. [Jiyva's grace]
 11751 | Dis:7    | Lost mutation: You are dopey. (Int -2) [Jiyva's grace]
 11751 | Dis:7    | Lost mutation: You sometimes lose the ability to read
                  | scrolls when taking damage. [Jiyva's grace]
 11751 | Dis:7    | Gained mutation: You expend magic power (3 MP) to
                  | strengthen your wands. [Jiyva's grace]
 11751 | Dis:7    | Gained mutation: You are mostly covered in iridescent
                  | scales. (AC +4) [Jiyva's grace]
 11751 | Dis:7    | Gained mutation: You are completely covered in iridescent
                  | scales. (AC +6) [Jiyva's grace]
 11751 | Dis:7    | Gained mutation: You are covered in fur. (AC +1) [Jiyva's
                  | grace]
 11881 | Dis:7    | Noticed the Serpent of Hell
 11891 | Dis:7    | Killed the Serpent of Hell
 11903 | Dis:7    | Noticed a dread lich
 11905 | Dis:7    | Killed a dread lich
 12018 | Dis:7    | Noticed a juggernaut
 12019 | Dis:7    | Noticed Dispater
 12023 | Dis:7    | Killed a juggernaut
 12026 | Dis:7    | Got an iron rune of Zot
 12054 | Hell     | Found a gateway to the freezing wastes of Cocytus.
 12061 | Coc:1    | Entered Level 1 of Cocytus
 12094 | Coc:2    | Paralysed by a wendigo for 1 turns
 12118 | Coc:3    | Noticed a dread lich
 12122 | Coc:3    | Paralysed by a wendigo for 1 turns
 12212 | Coc:6    | Reached skill level 27 in Fighting
 12228 | Coc:7    | Entered Level 7 of Cocytus
 12248 | Coc:7    | Paralysed by a wendigo for 1 turns
 12263 | Coc:7    | Paralysed by a wendigo for 1 turns
 12441 | Coc:7    | Paralysed by a wendigo for 1 turns
 12442 | Coc:7    | Noticed Antaeus
 12488 | Coc:7    | Killed Antaeus
 12489 | Coc:7    | Reached skill level 15 in Armour
 12513 | Coc:7    | Was placed under penance by Jiyva
 12515 | Coc:7    | Got an icy rune of Zot
 12544 | Hell     | Found a gateway to the decaying netherworld of Tartarus.
 12554 | Tar:1    | Entered Level 1 of Tartarus
 12569 | Tar:1    | Was forgiven by Jiyva
 12625 | Tar:2    | Noticed an ancient lich
 12628 | Tar:2    | Killed an ancient lich
 12660 | Tar:3    | Sergey: just blink to the corner and you are safe ?
 12665 | Tar:3    | Reached skill level 15 in Dodging
 12665 | Tar:3    | Was placed under penance by Jiyva
 12792 | Tar:6    | Noticed a dread lich
 12792 | Tar:6    | Noticed an ancient lich
 12792 | Tar:6    | Noticed an ancient lich
 12796 | Tar:6    | Was forgiven by Jiyva
 12800 | Tar:6    | Killed an ancient lich
 12800 | Tar:6    | Killed an ancient lich
 12802 | Tar:6    | Killed a dread lich
 12816 | Tar:7    | Entered Level 7 of Tartarus
 12832 | Tar:7    | Noticed an ancient lich
 12832 | Tar:7    | Noticed a dread lich
 12841 | Tar:7    | Killed a dread lich
 12842 | Tar:7    | Killed an ancient lich
 12869 | Tar:7    | Lost mutation: Potions are less effective at restoring your
                  | health. [Jiyva's grace]
 12869 | Tar:7    | Lost mutation: You are vulnerable to heat. (rF-) [Jiyva's
                  | grace]
 12869 | Tar:7    | Lost mutation: You occasionally lose the ability to read
                  | scrolls when taking damage. [Jiyva's grace]
 12869 | Tar:7    | Gained mutation: Your flesh is heat resistant. (rF+)
                  | [Jiyva's grace]
 12869 | Tar:7    | Gained mutation: Your flesh is very heat resistant. (rF++)
                  | [Jiyva's grace]
 12869 | Tar:7    | Gained mutation: Your flesh is almost immune to the effects
                  | of heat. (rF+++) [Jiyva's grace]
 12869 | Tar:7    | Gained mutation: Your mind is acute. (Int +4, Str/Dex -1)
                  | [Jiyva's grace]
 12926 | Tar:7    | Noticed Ereshkigal
 12936 | Tar:7    | Killed Ereshkigal
 13003 | Tar:7    | Noticed an ancient lich
 13012 | Tar:7    | Killed an ancient lich
 13012 | Tar:7    | Noticed a dread lich
 13018 | Tar:7    | Got a bone rune of Zot
 13108 | Depths:3 | Noticed Jory
 13113 | Depths:3 | Killed Jory
 13117 | Depths:3 | Found Ucureuq's Jewellery Emporium.
 13118 | Depths:3 | Found Vairch's Book Boutique.
 13118 | Depths:3 | Found Tachef's Book Boutique.
 13129 | Depths:4 | Entered Level 4 of the Depths
 13130 | Depths:4 | Found a shimmering altar of Xom.
 13172 | Depths:4 | Found a gate to the Realm of Zot.
 13210 | Zot:1    | Entered Level 1 of the Realm of Zot
 13249 | Zot:1    | Found Bupek's Changing Room.
 13348 | Zot:3    | Noticed an orb of fire
 13350 | Zot:3    | Lost mutation: You are completely covered in iridescent
                  | scales. (AC +6) [Jiyva's grace]
 13350 | Zot:3    | Lost mutation: Your mind is acute. (Int +4, Str/Dex -1)
                  | [Jiyva's grace]
 13350 | Zot:3    | Lost mutation: Your flesh is cold resistant. (rC+) [Jiyva's
                  | grace]
 13350 | Zot:3    | Lost mutation: Your flesh is almost immune to the effects
                  | of heat. (rF+++) [Jiyva's grace]
 13350 | Zot:3    | Lost mutation: Your flesh is very heat resistant. (rF++)
                  | [Jiyva's grace]
 13350 | Zot:3    | Lost mutation: Your muscles are strong. (Str +4, Int/Dex
                  | -1) [Jiyva's grace]
 13350 | Zot:3    | Lost mutation: You have acidic saliva. [Jiyva's grace]
 13350 | Zot:3    | Gained mutation: Your natural rate of healing is unusually
                  | fast. [Jiyva's grace]
 13350 | Zot:3    | Gained mutation: You heal very quickly. [Jiyva's grace]
 13350 | Zot:3    | Gained mutation: You regenerate. [Jiyva's grace]
 13350 | Zot:3    | Gained mutation: You are strong-willed. (Will+) [Jiyva's
                  | grace]
 13354 | Zot:3    | Killed an orb of fire
 13406 | Zot:5    | Entered Level 5 of the Realm of Zot
 13415 | Zot:5    | Noticed an ancient lich
 13420 | Zot:5    | Killed an ancient lich
 13432 | Zot:5    | Noticed an orb of fire
 13432 | Zot:5    | Noticed a dread lich
 13435 | Zot:5    | Noticed an orb of fire
 13438 | Zot:5    | Killed a dread lich
 13438 | Zot:5    | Noticed a dread lich
 13440 | Zot:5    | Noticed an orb of fire
 13442 | Zot:5    | Killed an orb of fire
 13442 | Zot:5    | Killed an orb of fire
 13444 | Zot:5    | Killed a dread lich
 13450 | Zot:5    | Noticed an ancient lich
 13451 | Zot:5    | Killed an orb of fire
 13453 | Zot:5    | Noticed a dread lich
 13454 | Zot:5    | Killed an ancient lich
 13457 | Zot:5    | Killed a dread lich
 13463 | Zot:5    | Noticed an ancient lich
 13469 | Zot:5    | Was placed under penance by Jiyva
 13473 | Zot:5    | Killed an ancient lich
 13473 | Zot:5    | Noticed an ancient lich
 13482 | Zot:5    | Killed an ancient lich
 13483 | Zot:5    | Noticed an ancient lich
 13486 | Zot:5    | Killed an ancient lich
 13515 | Zot:5    | Got a prismatic gem with 698 turns to spare
 13525 | Zot:5    | Got the Orb of Zot
 13733 | D:8      | Was forgiven by Jiyva
 13794 | D:$      | Escaped with the Orb!

Illustrated notes

Levels and vault maps discovered:
D:1:      dpeg_arrival_tiny_d, layout_basic
D:2:      layout_basic
D:3:      layout_basic, ebering_ecumenical_altar_ruins,
          nicolae_concentric_dashed_squares_mild, pf_guarded_unrand_woodcutter,
          uniq_jessica
D:4:      layout_basic, minmay_fractal_squares_5
D:5:      layout_basic, grunt_temple_overflow_cloverleaf,
          chequers_serial_rivers_small_b
D:6:      layout_basic, gup_sewer_entry_spiral, minmay_misc_feat_diagonals,
          nicolae_underground_beach, uniq_maggie, uniq_duvessa, uniq_eustachio
D:7:      layout_rooms, cheibriados_altar_1, temple_doors_e
D:8:      layout_loops_cross, nicolae_blasting_shop
D:9:      layout_irregular_city
D:10:     layout_basic, nicolae_elyvilon_peaceful_grove
D:11:     layout_rooms, grunt_lair_entry_orc_guard_hut, serial_shops,
          nicolae_shop_advertising_works [nicolae_subvault_shop_adworks],
          uniq_harold
D:12:     layout_roguey, orc_0_dummy, dreamdust_mushroom_princess,
          minmay_misc_feat_four_crosses, uniq_azrael, uniq_jorgrun
D:13:     layout_cave_pods, lemuel_freeze_loot_1
D:14:     layout_basic, david_vaults_1, serial_rivers,
          chequers_serial_rivers_micro_e, chequers_serial_rivers_micro_c,
          chequers_serial_rivers_large_a, chequers_serial_rivers_micro_b
D:15:     grunt_enter_depths_hoard, layout_basic, solitary_fountain
Lair:1:   layout_chaotic_city, basic_altar, uniq_jeremiah
Lair:2:   layout_cave_shapes, swamp_mist_pool, spider_nest_entry_funnel_web,
          ebering_ghost_inner_flame, patterned_corridor, serial_bayou_shore_b,
          uniq_erica
Lair:3:   layout_layer_cave, minmay_shattered_shrine, grunt_megastairs_1,
          serial_bayou_shore_b
Lair:4:   minmay_lair_venomous_thicket, layout_gridlike, slime_entry_1,
          gauntlet_entry_generic, bobbens_ice_dragon_lair, serial_bayou_shore_a
Lair:5:   evil_forest, layout_cave_pods, portal_ice_cave_demonic_guard
Swamp:1:  layout_falls_marsh, nicolae_swamp_tree_designs,
          infiniplex_staircase_pool_2
Swamp:2:  layout_falls_marsh, nicolae_swamp_very_dense_foliage
Swamp:3:  cheibrodos_swamp_heart_of_darkness, layout_falls_marsh,
          gammafunk_ghost_hydra_chop, nicolae_swamp_small_spring,
          swamp_pool_1_2, uniq_bai_suzhen
Swamp:4:  swamp_old_school, layout_basic_swamp, swamp_pool_3, uniq_donald
Spider:1: layout_cave_pods
Spider:2: layout_cave_pods, nicolae_spider_bug_shape, uniq_frances,
          uniq_mlioglotl, uniq_louise
Spider:3: layout_spider_delve
Spider:4: guppyfry_spider_rune, nicolae_spider_not_touching_you
Slime:1:  layout_caves
Slime:2:  layout_caves, cheibrodos_slime_lost_civilization_6
Slime:3:  layout_caves, nicolae_slime_round_cave
Slime:4:  layout_caves, basic_altar, nicolae_slime_welcoming_committee
Slime:5:  slime_pit_nicolae_trefoil
Vaults:1: nicolae_vaults_trapezoid_2, nicolae_vaults_heart-shaped_vault,
          v_misc_1, nicolae_vaults_meeting, nicolae_vaults_diamond_1,
          nicolae_vaults_tetromino_L_1, ontoclasm_vaults_shuriken,
          nicolae_vaults_diamond_2, layout_vaults_chaotic_city
Vaults:2: nicolae_vaults_shipping_containers_2, hangedman_vaults_corner,
          ontoclasm_vaults_tryst, vaults_room_grunt_arrival_checkpoint,
          nicolae_vaults_taking_the_gang_shopping, hangedman_vaults_hat,
          ontoclasm_vaults_fault, nicolae_vaults_offset_grid_hallway_2,
          v_alt_pattern_2, v_misc_10, nicolae_vaults_tetromino_T_1,
          minmay_crypt_entry_simple_box, layout_vaults_omnigrid, uniq_sojobo
Vaults:3: ontoclasm_vaults_ring_square, nicolae_vaults_twisting_passages,
          nicolae_vaults_sealed_display, grunt_vaults_swirl,
          nicolae_vaults_network_s, nicolae_vaults_quartermaster,
          nicolae_vaults_little_squares_3, nicolae_vaults_cochlea,
          nicolae_vaults_tetromino_T_1, ontoclasm_vaults_eye,
          nicolae_vaults_offset_grid_hallway_2, ontoclasm_vaults_chip,
          layout_vaults_omnibox, serial_shops, bzr_entry_dummy
Vaults:4: dpeg_vaults_monster_box, v_misc_19, nicolae_vaults_trapezoid_2,
          nicolae_vaults_tetromino_T_2, nicolae_vaults_triangles, v_misc_26,
          nicolae_vaults_sesquioval_fish, v_pattern_3,
          nicolae_vaults_storage_closets_3, nicolae_vaults_house_2,
          nicolae_vaults_you_can_take_it_with_you, nicolae_vaults_theta,
          layout_vaults_ring, uniq_saint_roka
Vaults:5
Crypt:1:  layout_chaotic_city, uniq_zenata
Crypt:2:  layout_regular_city
Crypt:3:  church_of_pain_bobbens, layout_chaotic_city,
          nicolae_tomb_entry_grand_gallery, uniq_boris, uniq_xtahua
Tomb:1
Tomb:2:   uniq_khufu
Tomb:3
Depths:1: layout_roguey, enter_ziggurat_f, lemuel_crystal_altar,
          mu_enter_wizlab_3, grunt_hell_horde, dispersion_dpeg, firewood_loft
Depths:2: nzn_winding_woodlands_stair_cross [nzn_winding_woodlands_5x15_garden,
          nzn_winding_woodlands_center_lodge, nzn_winding_woodlands_5x15_zeroes,
          nzn_winding_woodlands_5x5_cross,
          nzn_winding_woodlands_5x5_checkerboard,
          nzn_winding_woodlands_5x15_river_crossing,
          nzn_winding_woodlands_center_pierced_h,
          nzn_winding_woodlands_5x15_sawtooth], layout_honeycomb,
          grunt_pan_entry_zigzag, grunt_hell_entry_dis_mu,
          kennysheep_small_square
Depths:3: cell_vault, layout_long_grid, hell_entry, abyss_entry, serial_shops,
          nicolae_lakefront_shop, nicolae_titane, minmay_shop_grove, uniq_jory,
          uniq_margery, uniq_vv
Depths:4: lemuel_castle_with_subvaults [lemuel_castle_interior_original],
          layout_small_grid, hell_entry, abyss_entry_flame_altar,
          regret_index_xom_buried_treasure, lemuel_nasty_fountain,
          serial_bayou_shore_b
Hell
Dis:1:    nicolae_dis_hell_towers
Dis:2:    layout_subdivisions, minmay_strange_pillars, hangedman_dis_chains
Dis:3:    layout_overlapping_boxes
Dis:4:    grunt_dis_stairs_iron_hall
Dis:5:    layout_regular_city
Dis:6:    layout_jigsaw
Dis:7:    dis_st
Geh:1:    layout_gehenna_lava_caves, lemuel_flamethrower_3
Geh:2:    layout_gehenna_pools_triple
Geh:3:    layout_gehenna_pools_basic, nicolae_geh_lavax
Geh:4:    layout_gehenna_pools_box
Geh:5:    layout_gehenna_pools_box, lemuel_flamethrower_3
Geh:6:    layout_gehenna_lava_caves
Geh:7:    geh_hangedman
Coc:1:    layout_cocytus_delve
Coc:2:    layout_cocytus_delve
Coc:3:    layout_ice_bergs
Coc:4:    layout_cocytus_water_paths
Coc:5:    layout_ice_bergs
Coc:6:    layout_cocytus_water_paths
Coc:7:    coc_dpeg
Tar:1:    nicolae_hells_titanomachy
Tar:2:    layout_honeycomb
Tar:3:    layout_catacombs, evilmike_ambush [evilmike_ambush_outer_basic,
          evilmike_ambush_inner_basic]
Tar:4:    layout_honeycomb, nicolae_tar_spectre_spectrum
Tar:5:    layout_catacombs
Tar:6:    layout_honeycomb, nicolae_tar_liches_on_tour
Tar:7:    tar_grunt_cathedral
Zot:1:    layout_cathedral_of_symmetry, regret_index_zotdec_silver_v_v_loose,
          nicolae_transmutations_shop, st_stairs_4
Zot:2:    layout_basic, st_stairs_9, regret_index_zotdec_iron_s
Zot:3:    layout_basic, st_small_dragon_hoard_5
Zot:4:    layout_misc_corridors, nzn_ghost_randoct
Zot:5:    layout_cathedral_of_symmetry

Skill      XL: |  1  2  3  4  5  6  7  8  9 10 11 12 13 14 15 16 17 18 19 20 21 22 23 24 25 26 27 |
---------------+----------------------------------------------------------------------------------+-----
Summonings     | 5 6 7 9 11 13 15 17 18 19 20 21 22 | 22.0
Spellcasting   | 3 4 5 6 10 11 12 13 15 16 17 18 20 21 27 | 27.0
Evocations     | 1 2 3 4 5 6 8 9 24 | 24.0
Fighting       | 1 2 4 6 7 9 11 12 27 | 27.0
Air Magic      | 2 3 5 6 |  6.0
Dodging        | 3 5 6 7 8 9 21 | 21.4
Conjurations   | 1 4 6 7 8 |  8.0
Earth Magic    | 1 4 8 23 | 23.0
Fire Magic     | 6 7 10 12 13 15 16 17 | 17.0
Alchemy        | 6 7 |  7.0
Ice Magic      | 1 6 7 8 11 12 15 16 22 | 22.3
Shields        | 5 7 8 9 10 11 21 | 21.7
Translocations | 4 5 8 11 | 11.0
Armour         | 5 23 | 23.3
Shapeshifting  | 1 20 | 20.0
Necromancy     | 3 |  3.1
Stealth        | |  1.7

Action                     |  1- 3 |  4- 6 |  7- 9 | 10-12 | 13-15 | 16-18 | 19-21 | 22-24 | 25-27 || total
---------------------------+-------+-------+-------+-------+-------+-------+-------+-------+-------++-------
  Melee: Short sword       |    34 |       |       |       |       |       |       |       |       ||    34
         Unarmed           |     2 |       |       |       |       |       |       |       |       ||     2
         Staff             |     6 |     2 |    11 |     3 |    22 |    22 |     7 |     1 |     9 ||    83
         Headbutt          |       |       |       |       |     7 |    10 |     1 |       |       ||    18
         Rapier            |       |       |       |       |       |       |       |       |     5 ||     5
         Bite              |       |       |       |       |       |       |       |       |     5 ||     5
   Fire: Hand cannon       |       |       |       |       |       |       |    39 |    76 |   381 ||   496
  Throw: Dart              |       |       |       |       |       |       |       |     1 |     3 ||     4
         Throwing net      |       |       |       |       |       |       |       |       |     2 ||     2
   Cast: Summon Small Mamm |    10 |       |     2 |       |       |       |       |       |       ||    12
         Call Imp          |     3 |     4 |     3 |     1 |     1 |       |       |       |       ||    12
         Call Canine Famil |     2 |     3 |     4 |     3 |     3 |     1 |       |     2 |       ||    18
         Summon Lightning  |       |       |    10 |    23 |    27 |    25 |    18 |     3 |     1 ||   107
         Stone Arrow       |       |       |       |    33 |    56 |    44 |    49 |     5 |     1 ||   188
         Ignite Poison     |       |       |       |    27 |    88 |    82 |    39 |       |       ||   236
         Freezing Cloud    |       |       |       |     1 |    36 |    79 |    37 |     6 |     1 ||   160
         Passwall          |       |       |       |     1 |     7 |     9 |     3 |       |     4 ||    24
         Apportation       |       |       |       |       |    52 |    97 |    38 |    33 |   141 ||   361
         Summon Forest     |       |       |       |       |     9 |    17 |    10 |     4 |     4 ||    44
         Blink             |       |       |       |       |       |     1 |       |       |     7 ||     8
         Irradiate         |       |       |       |       |       |       |     9 |     5 |    32 ||    46
         Ignition          |       |       |       |       |       |       |     5 |    42 |   262 ||   309
         Dragon's Call     |       |       |       |       |       |       |       |     3 |    11 ||    14
         Polar Vortex      |       |       |       |       |       |       |       |     2 |   207 ||   209
         Passage of Golubr |       |       |       |       |       |       |       |       |   512 ||   512
         Shatter           |       |       |       |       |       |       |       |       |   547 ||   547
         Sublimation of Bl |       |       |       |       |       |       |       |       |   545 ||   545
         Borgnjor's Vile C |       |       |       |       |       |       |       |       |    28 ||    28
         Bombard           |       |       |       |       |       |       |       |       |    14 ||    14
 Invoke: Oozemancy         |       |       |       |     1 |     3 |     3 |     2 |       |       ||     9
         Slimify           |       |       |       |       |       |       |       |     1 |     1 ||     2
Ability: Evoke the Staff o |     2 |     9 |    44 |    65 |   113 |   107 |    51 |       |       ||   391
         Hop               |       |       |     2 |     1 |     6 |     3 |     2 |     4 |    17 ||    35
         Evoke Invisibilit |       |       |       |       |     3 |       |       |       |       ||     3
  Evoke: Wand              |       |     6 |     1 |       |     8 |     5 |     5 |     1 |    52 ||    78
         Lightning rod     |       |       |       |     5 |     9 |     9 |     7 |     3 |    24 ||    57
         Sack of spiders   |       |       |       |       |       |       |     1 |       |     6 ||     7
         Horn of Geryon    |       |       |       |       |       |       |       |       |     2 ||     2
         Condenser vane    |       |       |       |       |       |       |       |       |     2 ||     2
         Figurine of a zig |       |       |       |       |       |       |       |       |     1 ||     1
    Use: Scroll            |     4 |       |       |     3 |     3 |    10 |     8 |    10 |    41 ||    79
         Potion            |       |       |     1 |     3 |     3 |     1 |     4 |     3 |    55 ||    70
   Stab: Sleeping          |     2 |       |       |       |       |       |       |       |       ||     2
         Distracted        |       |       |       |       |     2 |       |       |       |       ||     2
         Invisible         |       |       |       |       |       |       |     1 |       |       ||     1
 Armour: Robe              |    37 |    11 |    32 |    54 |    22 |       |       |     9 |   547 ||   712
         Leather armour    |       |       |       |       |   140 |   269 |   182 |    34 |       ||   625
         Skin              |       |       |       |       |       |       |       |    13 |   159 ||   172
  Dodge: Dodged            |    24 |     8 |    19 |    62 |    51 |   106 |    69 |    32 |   394 ||   765
  Block: Kite shield       |       |       |       |       |   151 |   197 |   165 |    50 |   845 ||  1408
